 Dungeon Crawl Stone Soup version 0.25-a0-860-gf695395b5c (webtiles) character file.

Game seed: 9094064026140856786, levelgen mode: deterministic

1240091 FessEmpty the Conqueror (level 27, -1/440 HPs)
             Began as an Ogre Berserker on Apr 27, 2020.
             Was an Elder of Jiyva.
             Killed from afar by a blizzard demon (57 damage)
             ... with an exploding inner flame
             ... hexed by the player character
             ... on level 7 of Cocytus on Apr 28, 2020.
             The game lasted 09:15:19 (99186 turns).

FessEmpty the Conqueror (Ogre Berserker)           Turns: 99186, Time: 09:15:20

Health: -1/440     AC: 44    Str: 15    XL:     27
Magic:  41/42      EV: 31    Int: 20    God:    Jiyva [****..]
Gold:   7873       SH: 26    Dex: 19    Spells: 26/56 levels left

rFire    x . .     SeeInvis .   a - +9 eveningstar (vorpal)
rCold    + + +     Gourm    .   Y - +1 tower shield {AC+3}
rNeg     + + .     Faith    .   (armour currently unavailable)
rPois    ∞         Spirit   .   (helmet restricted)
rElec    +         Reflect  .   o - +1 cloak of Starlight {rElec rC+ EV+4 Stlth--}
rCorr    +         Harm     .   (gloves unavailable)
MR       +++..                  (boots unavailable)
Stlth    ..........             K - amulet "Cuered" {rC+ rN+ Regen+}
HPRegen  1.63/turn              h - ring "Weclavelo" {Ice MR+}
MPRegen  0.28/turn              A - ring of Robustness {AC+8, =R}

@: statue-form, berserk cooldown, slowed, very slow
A: large, unfitting armour, hooves 1, rugged brown scales 2, blurry vision 1,
regeneration 1, wild magic 2, eyeballs 1, pseudopods 2, translucent skin 1,
tendrils
}: 13/15 runes: decaying, slimy, silver, iron, obsidian, bone, abyssal, demonic,
glowing, magical, fiery, dark, gossamer
a: End Transformation, Request Jelly, Slimify, Renounce Religion


You were on level 7 of Cocytus.
You worshipped Jiyva.
Jiyva was greatly pleased with you.
You were very full.
You were a stone statue.
You visited 14 branches of the dungeon, and saw 78 of its levels.
You visited Pandemonium 2 times, and saw 32 of its levels.
You visited the Abyss 6 times.
You visited 1 ziggurat, and saw 7 of its levels.
You also visited: Ossuary, Bailey, Gauntlet, Ice Cave and Volcano.

You collected 9435 gold pieces.
You spent 1562 gold pieces at shops.

Inventory:

Hand Weapons
 a - a +9 vorpal eveningstar (weapon)
Missiles
 R - 98 large rocks (quivered)
Armour
 o - the +1 cloak of Starlight (worn) {rElec rC+ EV+4 Stlth--}
   (You found it on level 7 of Gehenna)

   It affects your evasion (+4).
   It protects you from cold.
   It insulates you from electricity.
   It makes you much less stealthy.
 N - +8 fire dragon scales (melded)
 Y - a +1 tower shield of protection (worn)
Jewellery
 d - the ring of Foeth {rElec rN+ Str+3 Dex+5}
   (You found it on level 7 of a ziggurat)

   [ring of positive energy]

   It affects your strength (+3).
   It affects your dexterity (+5).
   It insulates you from electricity.
   It protects you from negative energy.
 g - the ring of Jicem {rN++ EV+2}
   (You found it on level 7 of the Iron City of Dis)

   [ring of evasion]

   It affects your evasion (+2).
   It greatly protects you from negative energy.
 h - the ring "Weclavelo" (left hand) {Ice MR+}
   (You found it on level 7 of the Iron City of Dis)

   [ring of ice]

   It enhances your ice magic.
   It makes you vulnerable to fire.
   It protects you from cold.
   It affects your resistance to hostile enchantments.
 i - the ring of Riurugargh {*Contam rPois Int+10 Dex-2 SInv}
   (You found it on level 15 of the Dungeon)

   [ring of poison resistance]

   It affects your intelligence (+10).
   It affects your dexterity (-2).
   It protects you from poison.
   It lets you see invisible.
   It causes magical contamination when unequipped.
 k - an uncursed amulet of the acrobat
 r - the ring of Phasing {EV+8}
   (You found it on level 2 of the Lair of Beasts)

   [ring of evasion]

   It affects your evasion (+8).
 A - the ring of Robustness (right hand) {AC+8, =R}
   (You took it off a red devil on level 7 of Gehenna)

   [ring of protection]

   It affects your AC (+8).
 K - the amulet "Cuered" (around neck) {rC+ rN+ Regen+}
   (You took it off a fire giant on level 7 of Gehenna)

   [amulet of regeneration]

   It protects you from cold.
   It protects you from negative energy.
   It increases your rate of regeneration.
 L - the amulet of Uzxopim {Reflect rElec SH+3}
   (You found it on level 2 of the Depths)

   [amulet of reflection]

   It shields you and reflects attacks.
   It insulates you from electricity.
   It affects your SH (+3).
 S - the amulet of the Four Winds {rN+ MR+++ Clar}
   (You took it off a deep elf archer on level 3 of the Elven Halls)

   [amulet of nothing]

   It protects you from negative energy.
   It affects your resistance to hostile enchantments.
   It protects you against confusion.
Wands
 n - a wand of iceblast (63)
 y - a wand of acid (17)
 I - a wand of scattershot (6)
 J - a wand of digging (1)
Scrolls
 s - 12 scrolls of fog
 z - a scroll of amnesia
 B - 2 scrolls of enchant weapon
 F - 6 scrolls of immolation
 G - 5 scrolls of fear
 V - 17 scrolls of remove curse
Potions
 f - 6 potions of curing
 m - 8 potions of mutation
 q - a potion of invisibility
 t - 3 potions of magic
 u - 8 potions of lignification
 v - a potion of flight
 w - a potion of berserk rage
 U - 2 potions of brilliance
Miscellaneous
 b - 2 phantom mirrors
Comestibles
 c - 68 rations


   Skills:
 O Level 27 Fighting
 O Level 27 Maces & Flails
 - Level 12.9 Throwing
 + Level 15.2 Armour
 - Level 21.1 Dodging
 O Level 27 Shields
 - Level 15.0 Spellcasting
 - Level 5.0 Hexes
 - Level 5.0 Charms
 + Level 9.9 Translocations
 - Level 15.0 Transmutations
 - Level 15.0 Earth Magic


You had 26 spell levels left.
You knew the following spells:

 Your Spells              Type           Power        Failure   Level  Hunger
a - Statue Form           Tmut/Erth      #######..    4%          6    #####..
b - Passwall              Tmut/Erth      #######.     1%          2    None
c - Petrify               Tmut/Erth      #######.     1%          4    None
d - Lee's Rapid Deconstr  Erth           #######...   1%          5    ###....
e - Song of Slaying       Chrm           ######..     3%          2    None
f - Portal Projectile     Hex/Tloc       ######       2%          3    None
g - Passage of Golubria   Tloc           N/A          3%          4    None
h - Ozocubu's Armour      Chrm/Ice       ######..     11%         3    None
i - Apportation           Tloc           ######       1%          1    None

Your spell library contained the following spells:

 Spells                   Type           Power        Failure   Level  Hunger
 Beastly Appendage        Tmut           ######       1%          1    None
 Sting                    Tmut/Pois      ####         1%          1    None
 Shroud of Golubria       Chrm/Tloc      ######       1%          2    None
 Sticks to Snakes         Tmut           #######.     1%          2    None
 Blade Hands              Tmut           #######...   1%          5    ###....
 Corona                   Hex            ######.      2%          1    None
 Infusion                 Chrm           ####         2%          1    None
 Spider Form              Tmut/Pois      ######....   2%          3    None
 Slow                     Hex            ######..     3%          2    None
 Leda's Liquefaction      Hex/Erth       ######....   3%          4    None
 Hydra Form               Tmut           #######...   4%          6    #####..
 Confusing Touch          Hex            ######..     5%          3    None
 Ignite Poison            Fire/Tmut/Pois ######..     5%          3    None
 Spectral Weapon          Hex/Chrm       ######..     5%          3    None
 Tukima's Dance           Hex            ######..     5%          3    None
 Ice Form                 Ice/Tmut       #######.     6%          4    None
 Yara's Violent Unravell  Hex/Tmut       ######....   6%          5    ###....
 Ensorcelled Hibernation  Hex/Ice        ######       7%          2    None
 Swiftness                Chrm/Air       #####...     7%          2    None
 Animate Skeleton         Necr           N/A          11%         1    None
 Foxfire                  Conj/Fire      ###.         11%         1    None
 Freeze                   Ice            ####         11%         1    None
 Pain                     Necr           ###.         11%         1    None
 Shock                    Conj/Air       ###.         11%         1    None
 Summon Butterflies       Summ           ###.....     11%         1    None
 Summon Small Mammal      Summ           ###.         11%         1    None
 Dazzling Flash           Conj/Hex       #####.       11%         3    None
 Summon Guardian Golem    Hex/Summ       #####...     11%         3    None
 Cause Fear               Hex            ######....   13%         4    None
 Iskenderun's Mystic Bla  Conj/Tloc      ######..     13%         4    None
 Alistair's Intoxication  Tmut/Pois      ######..     13%         5    ###....
 Irradiate                Conj/Tmut      ######....   13%         5    ###....
 Call Imp                 Summ           ###.....     14%         2    None
 Sublimation of Blood     Necr           ###.......   14%         2    None
 Dragon Form              Tmut           #######...   17%         7    ######.
 Dispersal                Tloc           ######....   22%         6    #####..
 Call Canine Familiar     Summ           ###.....     24%         3    None
 Static Discharge         Conj/Air       ###.....     24%         3    None
 Bolt of Magma            Conj/Fire/Erth ######....   28%         5    ###....
 Summon Forest            Summ/Tloc      ######....   30%         5    ###....
 Eringya's Noxious Bog    Tmut/Pois      ######....   45%         6    #####..
 Iron Shot                Conj/Erth      ######....   45%         6    #####..
 Airstrike                Air            ###.......   56%         4    None
 Dispel Undead            Necr           ###.....     56%         4    None
 Hailstorm                Conj/Ice       #####...     56%         4    None
 Summon Ice Beast         Ice/Summ       #####...     56%         4    None
 Summon Lightning Spire   Summ/Air       ###.....     56%         4    None
 Silence                  Hex/Air        #####.....   56%         5    ###....
 Summon Mana Viper        Hex/Summ       #####...     56%         5    ###....
 Darkness                 Hex            ######....   78%         6    #####..
 Invisibility             Hex            ######..     78%         6    #####..
 Agony                    Necr           ###.....     87%         5    ###....
 Fireball                 Conj/Fire      ###.......   87%         5    ###....
 Lightning Bolt           Conj/Air       ###.......   87%         5    ###....
 Summon Demon             Summ           ###.......   87%         5    ###....
 Death Channel            Necr           ###.......   100%        6    #####..
 Ozocubu's Refrigeration  Ice            #####.....   100%        6    #####..
 Simulacrum               Ice/Necr       #####.....   100%        6    #####..
 Starburst                Conj/Fire      ###.......   100%        6    #####..
 Haunt                    Necr/Summ      ###.......   100%        7    ######.
 Malign Gateway           Summ/Tloc      ######....   100%        7    ######.
 Monstrous Menagerie      Summ           ###.......   100%        7    ######.
 Ring of Flames           Chrm/Fire      #####.....   100%        7    ######.
 Summon Greater Demon     Summ           ###.......   100%        7    ######.
 Summon Hydra             Summ           ###.......   100%        7    ######.
 Borgnjor's Revivificati  Necr           ###.......   100%        8    #######
 Death's Door             Chrm/Necr      #####.....   100%        8    #######
 Discord                  Hex            ######....   100%        8    #######
 Ignition                 Fire           ###.......   100%        8    #######
 Infestation              Necr           ###.......   100%        8    #######
 Necromutation            Tmut/Necr      ######....   100%        8    #######
 Summon Horrible Things   Summ           ###.......   100%        8    #######
 Dragon's Call            Summ           ###.......   100%        9    #######
 Shatter                  Erth           #######...   100%        9    #######


Dungeon Overview and Level Annotations

Branches:
Dungeon (15/15)            Temple (0/1) D:7            Lair (6/6) D:10
  Swamp (4/4) Lair:4       Spider (4/4) Lair:2        Slime (5/5) Lair:5
    Orc (2/2) D:9             Elf (3/3) Orc:2        Vaults (5/5) D:14
  Crypt (0/3) Vaults:3     Depths (5/5) D:15           Hell (visited)
    Dis (7/7) Hell            Geh (7/7) Hell            Coc (7/7) Hell
    Tar (7/7) Hell            Zot (0/5) Depths:5    Ossuary (visited)
 Bailey (visited)           IceCv (visited)         Volcano (visited)
Gauntlet (visited)

Altars:
Dithmenos
Fedhas
Hepliaklqana
Kikubaaqudgha
Makhleb
Okawaru
Qazlal
Trog
Vehumet
Xom
Zin
Beogh
Jiyva
Lugonu

Shops:
D:12 [   Orc:2 !?(}   Elf:3 :   Vaults:2 [

Portals:
Hell: Depths:1 Depths:2 Depths:3 Depths:4 Depths:5
Abyss: Lair:2 Depths:2 Depths:4 Depths:5
Pandemonium: Orc:2 Depths:3

Annotations:
Lair:1 exclusion: 2 oklob plants
Slime:5 Royal Jelly
Elf:2 2 runed translucent doors
Geh:1 19 runed doors


Innate Abilities, Weirdness & Mutations

You are too large for most types of armour.
((You have tough skin. (AC +1)))
You have large cloven feet.
((You are partially covered in molten scales. (AC +2)))
(You are mostly covered in rugged brown scales. (AC +2, +5% HP))
Scrolls take you a little longer to read.
Your natural rate of healing is unusually fast.
Your spells are harder to cast, but more powerful.
Your body has grown golden eyes which may confuse attackers. (Acc +3)
((Your pliable body absorbs attacks. (AC +2, EV +2)))
Armour fits poorly on your large pseudopods.
Your translucent skin slightly reduces your foes' accuracy. (Stealth)
You are covered in slimy tendrils that may disarm your opponents.


Message History

The shard shrike is engulfed in freezing vapours.
The ice devil hits you but does no damage.
The blizzard demon hits you but does no damage.
You block the blizzard demon's attack.
The shard shrike is engulfed in freezing vapours.
The black mamba skeleton completely misses you.
The ice devil hits you but does no damage.
You block the bone dragon's attack. The bone dragon closely misses you.
The bone dragon barely misses you. You block the ice devil's attack.
The ice devil hits you but does no damage.
The blizzard demon waves its arms in wide circles.
The air twists around and strikes you.
You begin reading the scroll.
You continue reading the scroll.
You block the shard shrike's attack.
The shard shrike is engulfed in freezing vapours.
You block the shard shrike's attack.
The shard shrike is engulfed in freezing vapours. x2
You block the shard shrike's attack.
The black mamba skeleton barely misses you.
You block the shard shrike's attack.
The shard shrike is engulfed in freezing vapours.
The black mamba skeleton completely misses you.
The ice devil misses you.
The blizzard demon completely misses you.
The blizzard demon misses you. The reaper completely misses you.
The bone dragon completely misses you. x2; You block the bone dragon's attack.
The ice devil completely misses you.
The ice devil hits you but does no damage.
The ice devil completely misses you.
The shard shrike is engulfed in freezing vapours.
The blizzard demon waves its arms in wide circles.
The air twists around and strikes you. The blizzard demon gestures at you.
The bolt of cold hits the ice devil.
The ice devil completely resists.
The bolt of cold hits you! You resist.
The bolt of cold hits the ice devil.
The ice devil completely resists.
The black mamba skeleton bites you but does no damage.
The ice devil completely misses you.
The blizzard demon completely misses you. x2
The ice devil completely misses you.
The bone dragon completely misses you. x2
You block the bone dragon's attack.
The ice devil hits you but does no damage.
The ice devil completely misses you. The shard shrike completely misses you.
The reaper closely misses you.
The shard shrike is engulfed in freezing vapours.
The black mamba skeleton misses you.
As you read the scroll of fear, it crumbles to dust.
You assume a fearsome visage.
The blizzard demon is unaffected.
The ice devil is unaffected.
The blizzard demon is unaffected. x2
The bog body is unaffected.
The frost giant skeleton is unaffected.
The blizzard demon is unaffected.
The bone dragon is unaffected.
The reaper is unaffected.
The ice devil is unaffected. x2
The blizzard demon is unaffected.
The ice devil is unaffected. x3
The bog body is unaffected.
The ice dragon looks frightened!
The ice devil is unaffected.
The storm dragon skeleton is unaffected.
The black mamba skeleton is unaffected.
The titan zombie is unaffected.
The shard shrike looks frightened! x2; The minotaur zombie is unaffected.
The emperor scorpion zombie is unaffected.
The ice devil is unaffected.
The stone giant zombie is unaffected.
Really read the scroll of immolation?
Really read with blurry vision while enemies are nearby?
You block the ice devil's attack.
You block the blizzard demon's attack. x2
The black mamba skeleton completely misses you.
The bone dragon bites you but does no damage.
You block the bone dragon's attack. The bone dragon tramples you!
* * * LOW HITPOINT WARNING * * *
You hold your ground!
The ice devil completely misses you. The ice devil misses you.
The ice devil completely misses you.
The blizzard demon waves its arms in wide circles.
The air twists around and strikes you!
* * * LOW HITPOINT WARNING * * *
The ice devil barely misses you.
You begin reading the scroll.
You continue reading the scroll.
Your resistance to elements expires.
The shard shrike seems to regain its courage.
You block the black mamba skeleton's attack. x2
The blizzard demon misses you. You block the blizzard demon's attack.
You block the reaper's attack.
The bone dragon bites you but does no damage.
The bone dragon claws you but does no damage.
The bone dragon tramples you but does no damage.
The ice devil hits you.
* * * LOW HITPOINT WARNING * * *
The ice devil freezes you. You resist.
* * * LOW HITPOINT WARNING * * *
You block the ice devil's attack.
The ice devil hits you but does no damage.
The blizzard demon gestures at you.
The bolt of cold hits the ice devil.
The ice devil completely resists.
The bolt of cold misses you.
The bolt of cold hits the ice devil.
The ice devil completely resists.
The black mamba skeleton closely misses you.
The bog body points at you and mumbles some strange words.
The bolt of cold hits the ice devil.
The ice devil completely resists.
The bolt of cold misses you.
The bolt of cold hits the ice devil.
The ice devil completely resists.
You block the ice devil's attack. The blizzard demon misses you.
You block the blizzard demon's attack. The ice devil completely misses you.
The bone dragon completely misses you. The bone dragon claws you!
* * * LOW HITPOINT WARNING * * *
The bone dragon tramples you but does no damage.
The ice devil completely misses you. The ice devil misses you.
The reaper hits you but does no damage. The black mamba skeleton misses you.
The blizzard demon gestures at you.
The bolt of cold hits the ice devil.
The ice devil completely resists.
The bolt of cold hits you. You resist.
* * * LOW HITPOINT WARNING * * *
The bolt of cold hits the ice devil.
The ice devil completely resists.
The ice devil hits you but does no damage.
The blizzard demon completely misses you.
The blizzard demon hits you but does no damage.
The bone dragon bites you but does no damage.
The bone dragon claws you but does no damage.
The bone dragon tramples you but does no damage.
The ice devil closely misses you.
As you read the scroll of immolation, it crumbles to dust.
The creatures around you are filled with an inner flame!
You sock the ice devil!
Flame seeps out of the ice devil. x3
You bludgeon the ice devil.
The ice devil is moderately wounded.
You block the black mamba skeleton's attack.
The ice devil misses you. You block the ice devil's attack.
You block the black mamba skeleton's attack.
The bog body closely misses you. The bog body misses you.
The eyeballs on your body gaze at the bog body.
The ice devil completely misses you. The blizzard demon gestures at you.
The bolt of cold hits the ice devil.
The ice devil completely resists.
The bolt of cold misses you.
The bolt of cold hits the bog body!
The bog body resists.
Flame seeps out of the bog body.
You hear a sizzling sound!
The blizzard demon completely misses you.
The blizzard demon hits you but does no damage.
The reaper misses you. The bone dragon misses you.
The bone dragon claws you but does no damage.
The bone dragon completely misses you.
The ice devil is engulfed in blazing flames.
Flame seeps out of the ice devil.
The ice devil completely misses you. You block the ice devil's attack.
The ice devil completely misses you.
You perforate the ice devil like a sieve!!!
The ice devil explodes!
The fiery explosion engulfs the blizzard demon!!!
The blizzard demon is burned terribly!
The blizzard demon explodes!
The fiery explosion engulfs the stone giant zombie!!
Flame seeps out of the stone giant zombie.
The stone giant zombie is moderately damaged.
The fiery explosion engulfs the black mamba skeleton!!
The black mamba skeleton explodes!
The fiery explosion engulfs the shard shrike!!
Flame seeps out of the shard shrike.
The shard shrike is heavily wounded.
The fiery explosion engulfs the ice devil!!!
The ice devil is burned terribly!
The ice devil explodes!
The fiery explosion engulfs the blizzard demon!!
The blizzard demon is burned terribly!
Flame seeps out of the blizzard demon.
The blizzard demon is severely wounded.
The fiery explosion engulfs the ice devil!!!
The ice devil is burned terribly!
The ice devil explodes!
The fiery explosion engulfs the blizzard demon!!!
The blizzard demon is burned terribly!
Flame seeps out of the blizzard demon.
The blizzard demon is almost dead.
The fiery explosion engulfs you!!! The fire burns you terribly!
* * * LOW HITPOINT WARNING * * *
The fiery explosion engulfs the minotaur zombie!!
Flame seeps out of the minotaur zombie.
The minotaur zombie is moderately damaged.
The fiery explosion engulfs the blizzard demon!!!
The blizzard demon is burned terribly!
Flame seeps out of the blizzard demon.
The blizzard demon is almost dead.
The fiery explosion engulfs the blizzard demon!!
The blizzard demon is burned terribly!
Flame seeps out of the blizzard demon.
The blizzard demon is heavily wounded.
The fiery explosion engulfs the ice devil!!!
The ice devil is burned terribly!
Flame seeps out of the ice devil.
The ice devil is almost dead.
The fiery explosion engulfs the blizzard demon!
The blizzard demon is burned terribly!
The blizzard demon explodes!
The fiery explosion engulfs the blizzard demon!
The blizzard demon is burned terribly!
Flame seeps out of the blizzard demon.
The blizzard demon is almost dead.
The fiery explosion engulfs the blizzard demon!!!
The blizzard demon is burned terribly!
The blizzard demon explodes!
The fiery explosion engulfs the minotaur zombie!!!
Flame seeps out of the minotaur zombie.
The minotaur zombie is heavily damaged.
The fiery explosion engulfs you but does no damage.
The fiery explosion engulfs the blizzard demon!!!
The blizzard demon is burned terribly!
The blizzard demon explodes!
The fiery explosion engulfs the bone dragon!!
The bone dragon resists.
Flame seeps out of the bone dragon.
The bone dragon is lightly damaged.
The fiery explosion engulfs you!!! The fire burns you terribly!
You die...

..........#
≈.........###
≈...........##
#
≈≈...........##
#
≈≈....§§§.....#
#
≈≈≈≈§§2§§§.....
#
≈≈≈≈.§§§§Z.....
#
≈≈≈≈Zb°8§4.....
# ≈
.≈≈≈≈ZnD4Z.....
≈.
.4≈≈≈≈nZ2......
≈..
..4≈≈≈≈Z≈≈≈....
≈M..
...4≈≈≈≈≈≈≈≈≈..
≈...
....≈≈≈≈≈≈≈≈≈≈≈
...≈
.....≈≈≈≈≈≈≈≈≈≈
..≈≈
.....≈≈≈≈≈≈≈≈≈≈
.≈≈≈


You could see a bone dragon (inner flame), a shard shrike (inner flame), a
reaper (inner flame), a blizzard demon (inner flame), 5 ice devils, 2 bog
bodies, an emperor scorpion zombie (inner flame), a minotaur zombie (inner
flame), a stone giant zombie (inner flame), a titan zombie (inner flame), a
storm dragon skeleton (inner flame) and a frost giant skeleton (inner flame).

Vanquished Creatures
  Cerebov (Pan)
  Dissolution (Slime:2)
  Asmodeus (Geh:7)
  Ereshkigal (Tar:7)
  Gloorx Vloq (Pan)
  Lom Lobon (Pan)
  A seraph (Pan)
  the Serpent of Hell (Coc:7)
  Mnoleg (Pan)
  Dispater (Dis:7)
  Mennas (Pan)
  4 pandemonium lords
  Frederick (Depths:3)
  3 shard shrikes (Coc:7)
  Saint Roka (Elf:3)
  4 caustic shrikes
  Geryon (Hell)
  10 bone dragons
  2 pearl dragons (Pan)
  34 Brimstone Fiends
  16 doom hounds
  2 iron giants
  48 Tzitzimimeh
  10 tentacled monstrosities
  7 Ice Fiends
  12 Hell Sentinels
  3 deep elf master archers
  4 quicksilver dragons
  8 acid blobs
  17 liches
  2 deep elf blademasters (Elf:3)
  4 sphinxes
  26 Executioners
  7 titans
  5 ancient champions
  A tentacled starspawn (Abyss:3)
  9 tengu reavers
  Agnes (Elf:1)
  3 thorn hunters
  16 shadow dragons
  11 fire giants
  Kirke (Swamp:4)
  5 storm dragons
  15 daevas (Pan)
  5 blood saints (Pan)
  11 deep elf sorcerers
  8 frost giants
  Aizul (Elf:2)
  6 azure jellies
  3 vault wardens
  8 iron dragons
  3 emperor scorpions
  30 balrugs
  An orc warlord (Vaults:4)
  5 deep elf elementalists (Elf:3)
  5 corrupters (Pan)
  4 ghost moths (Spider:4)
  The ghost of Prakerore the Basher, a journeyman HuFi of Zin (Orc:2)
  20 cacodemons (Pan)
  The ghost of Foufiw the Eclecticist, an adept DENe of Kikubaaqudgha (Vaults:4)
  A curse skull (Pan)
  23 war gargoyles
  20 angels (Pan)
  2 elemental wellsprings (Coc:7)
  6 warmongers (Pan)
  17 ironheart preservers
  90 reapers
  30 very ugly things
  2 draconian stormcallers (Depths:5)
  38 stone giants
  25 apis (Pan)
  11 deep elf demonologists
  4 spriggan defenders
  3 draconian annihilators (Pan)
  4 entropy weavers
  15 ophanim (Pan)
  5 black suns (Pan)
  A minotaur (Gauntlet)
  11 spark wasps
  3 white draconians (Depths:5)
  7 vampire knights
  14 deep elf annihilators
  A purple draconian (Depths:5)
  A yellow draconian (Depths:5)
  The ghost of slayr the Spear-Bearer, a journeyman CeMo of Ashenzari (Lair:2)
  13 lorocyprocas
  7 deep elf death magi
  19 blizzard demons
  15 ettins
  Snorg (Orc:1)
  A crystal guardian (Vaults:4)
  4 eidola
  2 mummy priests (Tar:3)
  3 quicksilver dragon zombies
  20 yaktaur captains
  9 deep elf high priests
  16 green deaths
  3 merfolk javelineers
  6 fire dragons
  A great orb of eyes (shapeshifter) (Elf:1)
  19 ice dragons
  24 hydras
  4 great orbs of eyes
  23 vault guards
  9 spriggan air magi
  4 hell beasts
  4 quicksilver dragon skeletons
  4 ghost crabs
  2 shambling mangroves
  10 rakshasas
  42 two-headed ogres
  5 monstrous demonspawn (Pan)
  17 alligators
  9 centaur warriors
  3 death knights
  2 juggernaut simulacra (Pan)
  10 deep troll shamans
  7 tengu warriors
  15 ogre magi
  33 dancing weapons
  3 vampire magi
  8 death yaks
  79 hell hogs
  8 thrashing horrors (Abyss:3)
  9 orc high priests
  8 deep troll earth magi
  7 spriggan berserkers
  18 iron golems
  61 sun demons
  9 titan zombies
  25 deep elf knights
  2 storm dragon zombies (Geh:7)
  38 soul eaters
  27 sixfirhies
  5 titan skeletons
  52 skeletal warriors
  5 wretched stars (Abyss:3)
  10 anaconda zombies
  A fire crab (Gauntlet)
  61 hell knights
  18 iron trolls
  16 cherubim (Pan)
  22 shadow wraiths
  3 ghost moth zombies
  10 infernal demonspawn
  6 storm dragon skeletons
  3 golden dragon zombies
  6 torturous demonspawn (Pan)
  2 spriggan druids (Swamp:4)
  80 slime creatures
  9 unseen horrors
  22 shadow demons
  3 death drakes
  An obsidian statue (Zig:6)
  2 orange crystal statues (Zig:6)
  13 gelid demonspawn
  13 flayed ghosts
  7 anaconda skeletons
  7 golden dragon skeletons
  12 swamp dragons
  39 deep trolls
  10 ironbrand convokers
  6 harpies
  A lindwurm (shapeshifter) (Elf:3)
  18 orc knights
  10 wizards
  3 lindwurms
  19 deep elf archers
  23 phantasmal warriors
  38 wolf spiders
  23 orb spiders
  6 shadow dragon zombies
  23 necromancers
  4 wolf spider zombies
  63 deep elf magi
  7 oklob plants
  6 iron dragon zombies
  A worldbinder (Lair:2)
  9 orc sorcerers
  8 stone giant zombies
  45 ugly things
  19 cyclopes
  A mana viper (shapeshifter) (Elf:3)
  7 shadow dragon skeletons
  7 frost giant zombies
  4 shining eyes
  12 fire giant zombies
  A manticore (D:13)
  2 shock serpent zombies
  6 frost giant skeletons
  2 eyes of devastation
  3 iron dragon skeletons
  5 molten gargoyles
  2 human skeletons
  3 torpor snails (Lair:6)
  43 rust devils
  2 black mambas
  5 dire elephant zombies
  3 ice statues
  15 vault sentinels
  3 catoblepas zombies
  4 gargoyles (Volcano)
  A spiny frog (shapeshifter) (Vaults:4)
  4 stone giant skeletons
  31 smoke demons
  A centaur skeleton (D:14)
  13 fire giant skeletons
  14 spiny frogs
  7 dire elephant skeletons
  4 spectral swamp worms (Depths:4)
  2 kobold demonologists
  31 yaktaurs
  52 hellions
  4 shock serpent skeletons
  19 orange demons
  39 ice devils
  12 komodo dragons
  38 freezing wraiths
  5 tengu conjurers
  53 tormentors
  An anaconda simulacrum (Hell)
  7 efreet
  An emperor scorpion zombie (Geh:1)
  6 rime drakes
  7 hydra zombies
  71 red devils
  32 demonic crawlers
  29 hellwings
  3 silent spectres
  13 trolls
  16 wind drakes (Pan)
  6 ancient zymes (Abyss:3)
  A queen bee (Abyss:3)
  2 catoblepas skeletons
  2 harpy zombies
  5 meliai (Abyss:3)
  28 jumping spiders
  A tengu simulacrum (Vaults:3)
  20 polar bears
  13 tyrant leeches
  29 hornets
  12 hydra skeletons
  9 ettin zombies
  23 blink frogs
  4 ice dragon zombies
  46 large abominations
  2 raiju (Abyss:3)
  8 harpy skeletons
  A meliai zombie (D:13)
  2 blink frogs (shapeshifter)
  8 fire dragon zombies
  2 alligator zombies
  6 dream sheep (Lair:6)
  An alligator skeleton (Hell)
  28 bog bodies
  8 hippogriffs
  5 ice dragon skeletons
  A fire giant simulacrum (Vaults:1)
  157 flying skulls
  6 ettin skeletons
  A vampire (D:13)
  64 redbacks
  A redback (shapeshifter) (Vaults:1)
  6 air elementals
  3 black mamba zombies
  5 fire dragon skeletons
  20 tarantellas
  27 wraiths
  21 ynoxinuls
  35 fire elementals
  20 water elementals
  7 spriggans
  49 shadows
  10 fire bats
  4 hogs (Swamp:4)
  8 hungry ghosts
  A black mamba skeleton (Geh:6)
  2 golden eyes (Slime:2)
  12 chaos spawn
  3 humans (D:12)
  40 yaks
  2 steam dragons (Lair:6)
  25 vampire mosquitoes
  7 basilisks
  20 neqoxecs
  A death yak simulacrum (IceCv)
  A spatial vortex (Abyss:3)
  17 swamp worms
  8 wargs
  10 insubstantial wisps
  2 acid dragons
  11 water moccasins
  7 spiny frog zombies
  A floating eye (Slime:4)
  96 hell hounds
  A hydra simulacrum (Hell)
  11 porcupines
  2 merfolk skeletons (Geh:7)
  A meliai simulacrum (D:15)
  10 ice beasts
  20 black bears
  An alligator simulacrum (IceCv)
  A hornet zombie (D:10)
  A manticore zombie (Tar:7)
  52 orc warriors
  12 swamp drakes
  A sky beast (D:10)
  2 spiny frog skeletons
  2 swamp dragon zombies
  26 necrophages
  5 snapping turtle zombies
  8 boggarts
  A wolf (Lair:5)
  An eye of draining (Slime:3)
  9 phantoms
  51 ogres
  3 elf skeletons
  5 snapping turtle skeletons
  6 manticore skeletons
  9 crocodiles
  18 centaurs
  5 small abominations
  A big kobold (D:14)
  14 bullfrogs
  2 elf zombies (Ossuary)
  A spiny frog simulacrum (Coc:7)
  4 earth elementals
  A wyvern skeleton (D:12)
  7 scorpions
  A troll zombie (Geh:7)
  A hornet simulacrum (Vaults:1)
  11 killer bees
  A spriggan skeleton (Volcano)
  An elephant simulacrum (IceCv)
  3 human simulacra
  81 wights
  2 electric eels
  3 howler monkeys
  2 troll skeletons (Volcano)
  11 crimson imps
  A bullfrog zombie (D:13)
  9 starcursed masses
  6 centaur zombies
  A quasit (D:9)
  A draconian simulacrum (IceCv)
  7 hounds
  2 human zombies
  28 orc priests
  4 jellies
  21 iron imps
  Jessica (D:3)
  2 bullfrog skeletons
  2 iguanas (Lair:6)
  30 orc wizards
  6 hell rats
  6 worker ants
  4 troll simulacra (IceCv)
  A polar bear simulacrum (IceCv)
  A spriggan simulacrum (IceCv)
  A killer bee zombie (D:9)
  An ogre zombie (Hell)
  4 centaur simulacra
  2 tengu zombies
  2 naga zombies
  3 naga skeletons (Volcano)
  An ogre skeleton (Geh:2)
  2 hound zombies
  A hound skeleton (D:11)
  10 mummies
  19 gnolls
  2 naga simulacra
  10 adders
  A howler monkey skeleton (D:9)
  3 ogre simulacra (IceCv)
  16 shadow imps
  18 white imps
  An ufetubus (Abyss:3)
  2 oozes
  2 adder zombies (Ossuary)
  An adder skeleton (D:5)
  7 worms
  A dart slug (D:5)
  5 leopard geckos
  118 orcs
  8 giant cockroaches
  3 gnoll zombies (Ossuary)
  21 hobgoblins
  6 jackals
  4 quokkas
  2 ball pythons
  A ball python skeleton (D:3)
  5 bats
  2 frilled lizards
  14 goblins
  A goblin zombie (Ossuary)
  4 hobgoblin zombies (Ossuary)
  3 jackal zombies (Ossuary)
  15 kobolds
  A kobold skeleton (Tar:7)
  3 kobold zombies (Ossuary)
  A leopard gecko skeleton (D:4)
  2 orc zombies (Ossuary)
  A quokka skeleton (D:5)
  2 quokka zombies (Ossuary)
  7 rats
  4 rat zombies (Ossuary)
  A briar patch (Swamp:3)
  A plant (Lair:6)
4707 creatures vanquished.

Vanquished Creatures (collateral kills)
  A thorn hunter (Swamp:3)
  A ghost moth (Spider:4)
  A deep elf demonologist (Vaults:1)
  2 centaur warriors
  A death drake (Tar:2)
  An orc knight (Orc:2)
  4 wolf spiders (Spider:4)
  2 torpor snails (Lair:6)
  2 demonic crawlers (Spider:4)
  2 tormentors
  A red devil (Orc:2)
  2 jumping spiders (Spider:4)
  2 tyrant leeches (Lair:6)
  A bog body (Swamp:1)
  2 flying skulls (Dis:3)
  A redback (Spider:4)
  2 tarantellas (Spider:4)
  4 centaurs
  2 draconian simulacra (IceCv)
  An orc priest (Orc:2)
  A troll simulacrum (IceCv)
  An ogre simulacrum (IceCv)
  3 naga simulacra (IceCv)
  3 white imps (IceCv)
  An orc (D:6)
44 creatures vanquished.

Vanquished Creatures (others)
  A doom hound (Tar:6)
  2 tentacled monstrosities
  A lich (Vaults:5)
  18 acid blobs
  A quicksilver dragon (Vaults:5)
  2 deep elf master archers (Elf:3)
  2 ancient champions
  A tengu reaver (Vaults:5)
  16 azure jellies
  2 fire giants (shapeshifter) (Vaults:5)
  2 fire giants
  A vault warden (Vaults:5)
  A frost giant (Vaults:5)
  A war gargoyle (Dis:7)
  3 very ugly things
  A reaper (Tar:6)
  An ophan (Pan)
  4 stone giants
  A deep elf annihilator (Vaults:1)
  A yellow draconian (Depths:5)
  2 green deaths
  A blizzard demon (Coc:7)
  A quicksilver dragon zombie (Dis:1)
  A fire dragon (Depths:3)
  4 yaktaur captains
  21 death oozes
  An ettin (Vaults:5)
  2 deep elf high priests (Vaults:5)
  6 great orbs of eyes
  A great orb of eyes (shapeshifter) (Vaults:5)
  3 vault guards (Vaults:4)
  2 rakshasas
  A two-headed ogre (shapeshifter) (Depths:2)
  A centaur warrior (D:14)
  2 two-headed ogres (Vaults:3)
  A death yak (D:12)
  2 dancing weapons (Vaults:5)
  An ogre mage (Vaults:1)
  6 hell hogs
  A spriggan berserker (Depths:5)
  2 tengu warriors (Depths:2)
  2 soul eaters (Pan)
  An iron golem (Dis:7)
  3 sun demons
  5 glowing orange brains
  A sixfirhy (Pan)
  3 hell knights
  An iron troll (Vaults:4)
  A shadow wraith (Tar:7)
  A sea snake (shapeshifter) (Vaults:5)
  A swamp dragon (Zig:6)
  A torturous demonspawn (Pan)
  A spriggan druid (Zig:6)
  A ghost moth zombie (Geh:7)
  2 phantasmal warriors
  A golden dragon skeleton (Geh:7)
  An ironbrand convoker (Vaults:5)
  A lindwurm (shapeshifter) (Depths:3)
  A deep elf archer (Elf:3)
  An orc knight (Vaults:3)
  2 harpies (Vaults:2)
  A wolf spider zombie (Geh:7)
  A wolf spider (Spider:4)
  A stone giant zombie (Dis:1)
  A cyclops (shapeshifter) (Vaults:5)
  3 ugly things
  3 cyclopes
  A frost giant zombie (Geh:7)
  3 deep elf magi
  A shining eye (shapeshifter) (Vaults:5)
  A frost giant skeleton (Geh:7)
  A manticore (shapeshifter) (Vaults:5)
  2 rust devils
  A water nymph (shapeshifter) (Vaults:5)
  A centaur skeleton (D:14)
  A spiny frog (Swamp:2)
  A spectral swamp worm (Depths:4)
  3 orange demons (Pan)
  A demonic crawler (Pan)
  A dire elephant skeleton (Tar:4)
  A freezing wraith (Tar:4)
  A yaktaur (shapeshifter) (Vaults:1)
  15 yaktaurs
  3 hellions
  2 red devils
  A tengu conjurer (Depths:3)
  A tormentor (Tar:7)
  A catoblepas skeleton (Geh:7)
  A polar bear (Vaults:4)
  A meliai (shapeshifter) (Vaults:4)
  A tyrant leech (shapeshifter) (Vaults:5)
  A harpy zombie (Geh:7)
  A hornet (Vaults:4)
  572 jellies
  A harpy skeleton (Dis:1)
  18 slime creatures
  11 flying skulls
  8 shadows
  An alligator skeleton (Geh:7)
  A black mamba zombie (Tar:7)
  An air elemental (Elf:1)
  A redback (Vaults:5)
  A human (D:12)
  A ynoxinul (Pan)
  4 wraiths
  9 golden eyes (Pan)
  8 floating eyes
  A neqoxec (Pan)
  2 large abominations (Pan)
  A soldier ant (shapeshifter) (Depths:3)
  A warg (Vaults:3)
  2 insubstantial wisps (Swamp:3)
  A spiny frog skeleton (Geh:6)
  A swamp drake (Swamp:3)
  7 hell hounds
  2 orc warriors
  A black bear (shapeshifter) (D:15)
  A phantom (Tar:7)
  2 black bears
  4 necrophages
  6 centaurs
  A boggart (Vaults:3)
  An eye of draining (Pan)
  A swamp dragon zombie (Geh:5)
  9 ogres
  14 wights
  4 crimson imps
  A centaur zombie (Tar:6)
  2 iron imps
  2 orc wizards
  An ogre skeleton (Geh:1)
  A mummy (Dis:1)
  2 shadow imps
  15 ball lightnings (Pan)
  5 orcs
  A kobold zombie (Dis:4)
  An orc skeleton (Dis:6)
  2 briar patches (Swamp:3)
  A demonic plant (Pan)
  7 fungi
  2 lurking horrors (Abyss:3)
  17 plants
  6 starspawn tentacles
978 creatures vanquished.

Grand Total: 5729 creatures vanquished

Notes
Turn   | Place    | Note
-------+----------+-------------------------------------------
     0 | D:1      | FessEmpty the Ogre Berserker began the quest for the Orb.
     0 | D:1      | Reached XP level 1. HP: 24/24 MP: 1/1
    99 | D:1      | Reached XP level 2. HP: 25/33 MP: 2/2
   114 | D:1      | Reached skill level 5 in Fighting
   457 | D:1      | Reached XP level 3. HP: 40/42 MP: 3/3
   799 | D:2      | Reached XP level 4. HP: 47/53 MP: 4/4
  1452 | D:2      | Reached ** piety under Trog
  1619 | D:2      | Found a shadowy altar of Dithmenos.
  1719 | D:2      | Reached XP level 5. HP: 62/62 MP: 5/5
  1817 | D:2      | Found an ancient bone altar of Kikubaaqudgha.
  1881 | D:2      | Found a hazy altar of Hepliaklqana.
  2506 | D:3      | Noticed Jessica
  3097 | D:3      | Killed Jessica
  3249 | D:3      | Reached XP level 6. HP: 66/71 MP: 6/6
  3329 | D:3      | Found a glowing silver altar of Zin.
  3563 | D:3      | Found a bloodstained altar of Trog.
  3592 | D:3      | Reached *** piety under Trog
  3832 | D:4      | Reached skill level 1 in Shields
  4348 | D:5      | Entered Level 5 of the Dungeon
  4380 | D:5      | Reached skill level 5 in Maces & Flails
  4380 | D:5      | Reached XP level 7. HP: 61/78 MP: 7/7
  4447 | D:5      | Found an ancient bone altar of Kikubaaqudgha.
  5000 | D:6      | Reached XP level 8. HP: 87/87 MP: 8/8
  5037 | D:6      | Found a sand-covered staircase.
  5041 | Ossuary  | Entered an ossuary
  5077 | Ossuary  | Reached skill level 5 in Shields
  5196 | Ossuary  | Reached **** piety under Trog
  5518 | D:6      | Found a shimmering altar of Xom.
  6052 | D:7      | Found a staircase to the Ecumenical Temple.
  6096 | D:7      | Noticed a hippogriff
  6105 | D:7      | Killed a hippogriff
  6105 | D:7      | Reached XP level 9. HP: 93/93 MP: 9/9
  6142 | D:7      | Found a stormy altar of Qazlal.
  6232 | D:7      | Found an iron altar of Okawaru.
  6290 | D:7      | Found a blossoming altar of Fedhas.
  6303 | D:7      | Reached ***** piety under Trog
  6480 | D:7      | Found a radiant altar of Vehumet.
  6481 | D:7      | Found a burning altar of Makhleb.
  6667 | D:8      | Got a steaming hunting sling
  7409 | D:9      | Noticed a two-headed ogre
  7518 | D:9      | Noticed a troll
  7526 | D:9      | Killed a troll
  7643 | D:9      | Reached XP level 10. HP: 102/102 MP: 10/10
  7814 | D:9      | Killed a two-headed ogre
  7814 | D:9      | Reached skill level 10 in Shields
  8065 | D:9      | Found a staircase to the Orcish Mines.
  8149 | D:10     | Entered Level 10 of the Dungeon
  8204 | D:10     | Got a coiled silver amulet
  8419 | D:10     | Received a gift from Trog
  8507 | D:10     | Noticed a death yak
  8507 | D:10     | Noticed a two-headed ogre
  8520 | D:10     | Killed a death yak
  8522 | D:10     | Noticed a death yak
  8525 | D:10     | Noticed a death yak
  8531 | D:10     | Killed a two-headed ogre
  8531 | D:10     | Reached skill level 10 in Maces & Flails
  8531 | D:10     | Reached XP level 11. HP: 115/115 MP: 11/11
  8541 | D:10     | Killed a death yak
  8638 | D:10     | Killed a death yak
  8659 | D:10     | Found a staircase to the Lair.
  8735 | D:10     | Got a warped leather armour
  9110 | D:11     | Identified the amulet "Wigiklecs" {Harm *Drain rN++ Int-3
                  | Dex+6} (You found it on level 10 of the Dungeon)
  9237 | D:11     | Noticed a green ugly thing
  9243 | D:11     | Killed a green ugly thing
  9243 | D:11     | Reached skill level 10 in Fighting
  9789 | D:12     | Noticed an unseen horror
  9799 | D:12     | Killed an unseen horror
  9905 | D:12     | Found a frozen archway.
  9923 | IceCv    | Entered an ice cave
 10050 | IceCv    | Reached ****** piety under Trog
 10236 | IceCv    | Noticed a necromancer
 10243 | IceCv    | Killed a necromancer
 10243 | IceCv    | Reached XP level 12. HP: 88/130 MP: 12/12
 10338 | IceCv    | HP: 4/130 [freezing wraith (6)]
 10339 | IceCv    | Found an ancient bone altar of Kikubaaqudgha.
 10340 | IceCv    | Gained mutation: Armour fits poorly on your strangely
                  | shaped body. [potion of mutation]
 10340 | IceCv    | Gained mutation: Scrolls take you a little longer to read.
                  | [potion of mutation]
 10340 | IceCv    | Gained mutation: You can translocate small distances at
                  | will. [potion of mutation]
 10387 | IceCv    | Received a gift from Trog
 10448 | IceCv    | Got a blackened shortbow
 11096 | D:12     | Noticed a two-headed ogre
 11102 | D:12     | Killed a two-headed ogre
 11112 | D:12     | Identified the +6 shortbow "Goblinslayer" {venom, rElec
                  | rPois Str-3 SInv} (You found it in an ice cave)
 11461 | D:12     | Found Yrauna's Antique Armour Boutique.
 11506 | D:12     | Noticed a death yak
 11506 | D:12     | Noticed a death yak
 11506 | D:12     | Noticed a death yak
 11506 | D:12     | Noticed a death yak
 11507 | D:12     | Noticed a death yak
 11507 | D:12     | Noticed a death yak
 11539 | D:11     | Killed a death yak
 11713 | D:13     | Noticed a centaur warrior
 11718 | D:13     | Killed a centaur warrior
 11735 | D:13     | Noticed a centaur warrior
 11748 | D:13     | Killed a centaur warrior
 11785 | D:13     | Found a flagged portal.
 11785 | D:13     | Noticed a two-headed ogre
 11791 | D:13     | Killed a two-headed ogre
 11797 | D:13     | Found a gate leading to a gauntlet.
 11809 | Bailey   | Entered a bailey
 11930 | Bailey   | Received a gift from Trog
 12039 | Bailey   | Reached XP level 13. HP: 144/144 MP: 13/13
 12184 | Gauntlet | Entered a Gauntlet
 12184 | Gauntlet | Found a transporter.
 12191 | Gauntlet | Found a transporter.
 12195 | Gauntlet | Found a transporter.
 12196 | Gauntlet | Found a transporter.
 12205 | Gauntlet | Found a transporter.
 12206 | Gauntlet | Found a transporter.
 12211 | Gauntlet | Found a transporter.
 12217 | Gauntlet | Found a transporter.
 12217 | Gauntlet | Noticed an entropy weaver
 12221 | Gauntlet | Found a transporter.
 12225 | Gauntlet | Found a runed translucent door.
 12227 | Gauntlet | Found a runed translucent door.
 12229 | Gauntlet | Found a transporter.
 12233 | Gauntlet | Found a transporter.
 12244 | Gauntlet | Found a transporter.
 12252 | Gauntlet | Noticed a blizzard demon
 12264 | Gauntlet | Found a transporter.
 12276 | Gauntlet | Found a transporter.
 12472 | Gauntlet | Noticed a minotaur
 12484 | Gauntlet | Killed a minotaur
 12495 | Gauntlet | Identified the Incunabulum of Igneous Cold
 12499 | Gauntlet | Got a bloodstained war axe
 13056 | Lair:1   | Entered Level 1 of the Lair of Beasts
 14200 | Lair:2   | Identified the cursed +2 war axe of Beyond {vorpal, rElec
                  | rF+ SInv} (You found it in a Gauntlet)
 14537 | Lair:2   | Got a brightly glowing flail
 14563 | Lair:2   | Received a gift from Trog
 14606 | Lair:2   | Found a hole to the Spider Nest.
 14853 | Lair:2   | Noticed a red very ugly thing
 14855 | Lair:2   | Found the ring of Phasing {EV+8}
 14870 | Lair:2   | Found a transporter.
 14890 | Lair:2   | Noticed a rakshasa
 14896 | Lair:2   | Found a transporter.
 14897 | Lair:2   | Found a one-way gate to the infinite horrors of the Abyss.
 14897 | Lair:2   | Noticed slayr's ghost (journeyman CeMo)
 14902 | Lair:2   | Noticed a rakshasa
 16162 | Lair:3   | Reached skill level 5 in Dodging
 16229 | Lair:4   | Reached XP level 14. HP: 141/157 MP: 14/14
 16277 | Lair:4   | Identified the cursed +1 flail of Uqi Sauf {antimagic, rF+}
                  | (You found it on level 2 of the Lair of Beasts)
 16718 | Lair:4   | Reached skill level 15 in Fighting
 16762 | Lair:4   | Reached skill level 15 in Maces & Flails
 17097 | Lair:4   | Found a staircase to the Swamp.
 17099 | Lair:4   | Received a gift from Trog
 18443 | Lair:6   | Entered Level 6 of the Lair of Beasts
 19095 | Lair:6   | Received a gift from Trog
 19775 | Lair:6   | Found a runed translucent door.
 19846 | Lair:6   | Reached XP level 15. HP: 72/170 MP: 15/15
 20590 | Swamp:1  | Entered Level 1 of the Swamp
 20828 | Swamp:1  | Reached skill level 1 in Armour
 21763 | Swamp:1  | Lost mutation: Armour fits poorly on your strangely shaped
                  | body. [potion of mutation]
 21763 | Swamp:1  | Lost mutation: Scrolls take you a little longer to read.
                  | [potion of mutation]
 21763 | Swamp:1  | Gained mutation: Your spells are a little harder to cast,
                  | but a little more powerful. [potion of mutation]
 21763 | Swamp:1  | Gained mutation: You are partially covered in thin metallic
                  | scales. (AC +2) [potion of mutation]
 21763 | Swamp:1  | Gained mutation: You evolve. [potion of mutation]
 21789 | Swamp:2  | Received a gift from Trog
 22265 | Swamp:2  | Paralysed by a hornet for 3 turns
 22809 | Swamp:3  | Noticed a thorn hunter
 22855 | Swamp:3  | Killed a thorn hunter
 22993 | Swamp:3  | Reached XP level 16. HP: 183/183 MP: 16/16
 23037 | Swamp:3  | Noticed a thorn hunter
 23051 | Swamp:3  | Killed a thorn hunter
 23287 | Swamp:3  | Gained mutation: You are partially covered in large bone
                  | plates. (SH +4) [evolution]
 23373 | Swamp:4  | Entered Level 4 of the Swamp
 23531 | Swamp:4  | Noticed a thorn hunter
 23539 | Swamp:4  | Killed a thorn hunter
 23554 | Swamp:4  | Received a gift from Trog
 23993 | Swamp:4  | Reached skill level 5 in Armour
 25326 | Swamp:4  | Noticed a thorn hunter
 25337 | Swamp:4  | Killed a thorn hunter
 25767 | Swamp:4  | Paralysed by a hornet for 1 turns
 25786 | Swamp:4  | Got a decaying rune of Zot
 25952 | Swamp:4  | Noticed Kirke
 25958 | Swamp:4  | Killed Kirke
 26303 | Lair:4   | Gained mutation: You have a pair of small antennae on your
                  | head. [evolution]
 26470 | Orc:1    | Entered Level 1 of the Orcish Mines
 26470 | Orc:1    | Noticed Snorg
 26473 | Orc:1    | Received a gift from Trog
 26478 | Orc:1    | Killed Snorg
 26689 | Orc:1    | Reached skill level 10 in Dodging
 27005 | Orc:2    | Entered Level 2 of the Orcish Mines
 27060 | Orc:2    | Found a large runed translucent door.
 27060 | Orc:2    | Found a large runed translucent door.
 27062 | Orc:2    | Noticed Prakerore's ghost (journeyman HuFi)
 27090 | Orc:2    | Found a roughly hewn altar of Beogh.
 27122 | Orc:2    | Found a dark tunnel.
 27131 | Volcano  | Entered a volcano
 27278 | Volcano  | Reached XP level 17. HP: 188/195 MP: 17/17
 27556 | Orc:2    | Received a gift from Trog
 27676 | Orc:2    | Found Uwenusiu's Magic Scroll Boutique.
 27677 | Orc:2    | Found Ter Demma's Distillery.
 28065 | Orc:2    | Bought a scroll of teleportation for 45 gold pieces
 28065 | Orc:2    | Bought a scroll of identify for 30 gold pieces
 28065 | Orc:2    | Bought a scroll of teleportation for 45 gold pieces
 28137 | Orc:2    | Paralysed by an orc sorcerer for 6 turns
 28442 | Orc:2    | Found Arun's Antique Weapon Shoppe.
 28442 | Orc:2    | Found a one-way gate leading to the halls of Pandemonium.
 28442 | Orc:2    | Found Qefon's Gadget Emporium.
 28475 | Orc:2    | Bought a scroll of enchant armour for 112 gold pieces
 28479 | Orc:2    | Bought a potion of curing for 48 gold pieces
 28479 | Orc:2    | Bought a potion of curing for 48 gold pieces
 28479 | Orc:2    | Bought 2 potions of haste for 320 gold pieces
 28479 | Orc:2    | Bought a potion of curing for 48 gold pieces
 28479 | Orc:2    | Bought a potion of curing for 48 gold pieces
 28479 | Orc:2    | Bought a potion of resistance for 160 gold pieces
 28533 | Orc:2    | Found a staircase to the Elven Halls.
 28875 | Orc:2    | Killed Prakerore's ghost
 28919 | Elf:1    | Entered Level 1 of the Elven Halls
 28971 | Elf:1    | Received a gift from Trog
 29144 | Elf:1    | Noticed an Ice Fiend
 29933 | Elf:1    | Noticed Agnes
 29944 | Elf:1    | Killed Agnes
 30087 | Elf:1    | Found a huge runed gate.
 30087 | Elf:1    | Found a huge runed gate.
 30087 | Elf:1    | Found a huge runed gate.
 30087 | Elf:1    | Found a huge runed gate.
 30087 | Elf:1    | Found a huge runed gate.
 30087 | Elf:1    | Found a huge runed gate.
 30087 | Elf:1    | Found a huge runed gate.
 30087 | Elf:1    | Found a huge runed gate.
 30087 | Elf:1    | Found a huge runed gate.
 30088 | Elf:1    | Found a huge runed gate.
 30094 | Elf:1    | Found a huge runed gate.
 30094 | Elf:1    | Found a huge runed gate.
 30105 | Elf:1    | Found a huge runed gate.
 30105 | Elf:1    | Found a huge runed gate.
 30105 | Elf:1    | Found a huge runed gate.
 30105 | Elf:1    | Found a huge runed gate.
 30182 | Elf:1    | Found a huge runed gate.
 30182 | Elf:1    | Found a huge runed gate.
 30277 | Elf:1    | Found a huge runed gate.
 30280 | Elf:1    | Found a huge runed gate.
 30280 | Elf:1    | Found a huge runed gate.
 30280 | Elf:1    | Found a huge runed gate.
 30280 | Elf:1    | Found a huge runed gate.
 30280 | Elf:1    | Found a huge runed gate.
 30355 | Elf:1    | Found a huge runed gate.
 30355 | Elf:1    | Found a huge runed gate.
 30355 | Elf:1    | Found a huge runed gate.
 30355 | Elf:1    | Found a huge runed gate.
 30450 | Elf:1    | Noticed a deep elf master archer
 30907 | Elf:1    | Noticed a Brimstone Fiend
 30908 | Elf:1    | Cast into level 3 of the Abyss (a deep elf sorcerer)
 30924 | Abyss:3  | Noticed a tentacled starspawn
 31054 | Abyss:3  | Received a gift from Trog
 31294 | Abyss:3  | Reached XP level 18. HP: 131/208 MP: 18/18
 31298 | Abyss:3  | Paralysed by accursed screaming for 1 turns
 31424 | Abyss:3  | Got an abyssal rune of Zot
 31482 | Elf:1    | Escaped the Abyss
 31785 | Elf:1    | Noticed an Ice Fiend
 32550 | Elf:2    | Noticed Aizul
 32567 | Elf:2    | Killed Aizul
 32620 | Elf:2    | Found a large runed translucent door.
 32620 | Elf:2    | Found a large runed translucent door.
 32643 | Elf:2    | Found a large runed translucent door.
 32643 | Elf:2    | Found a large runed translucent door.
 33199 | Elf:2    | Cast into level 4 of the Abyss (+3 eveningstar of
                  | distortion)
 33209 | Elf:2    | Escaped the Abyss
 33526 | Elf:2    | Reached skill level 15 in Shields
 33852 | Elf:3    | Entered Level 3 of the Elven Halls
 33924 | Elf:3    | Noticed Saint Roka
 33949 | Elf:3    | Killed Saint Roka
 34153 | Elf:3    | Noticed a deep elf master archer
 34303 | Elf:2    | Killed a deep elf master archer
 34307 | Elf:2    | Received a gift from Trog
 34651 | Elf:3    | Reached XP level 19. HP: 174/221 MP: 19/19
 35157 | Elf:3    | Found Zeog's One-of-a-Kind Books.
 35411 | Elf:3    | Received a gift from Trog
 35421 | Elf:3    | Cast into level 2 of the Abyss (a deep elf sorcerer)
 35433 | Abyss:2  | Reached XP level 20. HP: 234/234 MP: 20/20
 35866 | Abyss:3  | Paralysed by accursed screaming for 1 turns
 35882 | Abyss:3  | Found a corrupted altar of Lugonu.
 35959 | Elf:3    | Escaped the Abyss
 36347 | Elf:3    | Cast into level 3 of the Abyss (a deep elf demonologist)
 36364 | Elf:3    | Escaped the Abyss
 36365 | Elf:3    | Noticed a Brimstone Fiend
 36711 | Elf:3    | Cast into level 3 of the Abyss (a deep elf demonologist)
 36746 | Elf:3    | Escaped the Abyss
 36782 | Elf:3    | Identified the +3 quarterstaff "Gyciq" {pain, rPois rF+}
 37639 | Elf:3    | Identified the cursed +1 ring mail "Qutz" {Regen+ Str+2}
 37921 | Elf:3    | Reached XP level 21. HP: 244/245 MP: 21/21
 37922 | Elf:3    | Identified the +2 flail "Iresy" {venom, rF+}
 37930 | Elf:3    | Identified the cursed +3 falchion "Cuosidoll" {flame, +Fly
                  | rN+ MR+ Dex+2}
 38507 | Lair:2   | Received a gift from Trog
 38518 | Lair:2   | Killed slayr's ghost
 38596 | Spider:1 | Entered Level 1 of the Spider Nest
 39891 | Spider:2 | Received a gift from Trog
 40865 | Spider:3 | Received a gift from Trog
 40910 | Spider:3 | Reached skill level 15 in Dodging
 41157 | Spider:4 | Entered Level 4 of the Spider Nest
 41982 | Spider:4 | Got a gossamer rune of Zot
 42258 | Lair:5   | Found a staircase to the Slime Pits.
 42525 | Lair:5   | Reached XP level 22. HP: 260/260 MP: 22/22
 42547 | Slime:1  | Entered Level 1 of the Pits of Slime
 43185 | Slime:2  | Noticed Dissolution
 43200 | Slime:2  | Killed Dissolution
 43791 | Slime:2  | Received a gift from Trog
 45377 | Slime:4  | Paralysed by a floating eye for 2 turns
 45394 | Slime:4  | Paralysed by a floating eye for 2 turns
 45668 | Slime:3  | Lost mutation: You have a pair of small antennae on your
                  | head. [evolution]
 46356 | Slime:5  | Entered Level 5 of the Pits of Slime
 46413 | Slime:5  | Found a viscous altar of Jiyva.
 46414 | Slime:5  | Noticed the Royal Jelly
 46593 | Slime:5  | Fell from the grace of Trog
 46593 | Slime:5  | Became a worshipper of Jiyva Juyrch the Shapeless
 47078 | Orc:1    | Reached * piety under Jiyva
 47082 | Orc:1    | Reached ** piety under Jiyva
 47123 | Orc:2    | Reached *** piety under Jiyva
 47149 | Orc:2    | Gained mutation: Your mind is acute. (Int +2) [Jiyva's
                  | grace]
 47154 | Orc:2    | Reached **** piety under Jiyva
 47157 | Orc:2    | Lost mutation: You are partially covered in large bone
                  | plates. (SH +4) [Jiyva's grace]
 47177 | Orc:2    | Lost mutation: You evolve. [Jiyva's grace]
 47180 | Orc:2    | Reached ***** piety under Jiyva
 47184 | Orc:2    | Gained mutation: Armour fits poorly on your strangely
                  | shaped body. [Jiyva's grace]
 47192 | Orc:2    | Gained mutation: Your body has grown golden eyes which may
                  | confuse attackers. (Acc +3) [Jiyva's grace]
 47203 | Orc:2    | Lost mutation: Armour fits poorly on your strangely shaped
                  | body. [Jiyva's power]
 47373 | Elf:3    | Gained mutation: Your body has grown many golden eyes which
                  | may confuse attackers. (Acc +5) [Jiyva's grace]
 47379 | Elf:3    | Lost mutation: Your mind is acute. (Int +2) [Jiyva's grace]
 47384 | Elf:3    | Reached ****** piety under Jiyva
 47387 | Elf:3    | Gained mutation: Your mind is acute. (Int +2) [Jiyva's
                  | grace]
 47410 | Elf:3    | Gained mutation: Your flesh is cold resistant. (rC+)
                  | [Jiyva's grace]
 47414 | Elf:3    | Gained mutation: You are agile. (Dex +2) [Jiyva's grace]
 47423 | Elf:3    | Gained mutation: You have supernaturally acute eyesight.
                  | (SInv) [Jiyva's grace]
 47427 | Elf:3    | Lost mutation: Your mind is acute. (Int +2) [Jiyva's grace]
 47431 | Elf:3    | Gained mutation: You are robust. (+10% HP) [Jiyva's grace]
 47447 | Elf:3    | Lost mutation: You are robust. (+10% HP) [Jiyva's grace]
 47448 | Elf:3    | Learned a level 6 spell: Statue Form
 47466 | Elf:3    | Gained mutation: You have a small jelly attached to you
                  | that senses nearby items. [Jiyva's grace]
 47758 | D:14     | Found a gate to the Vaults.
 47802 | D:14     | Reached skill level 1 in Spellcasting
 47804 | D:14     | Gained mutation: Your body is covered in golden eyes which
                  | may confuse attackers. (Acc +7, SInv) [Jiyva's grace]
 47830 | Swamp:1  | Gained mutation: Your flesh is very cold resistant. (rC++)
                  | [Jiyva's grace]
 47857 | D:14     | Reached skill level 1 in Earth Magic
 47869 | D:14     | Lost mutation: You are agile. (Dex +2) [Jiyva's grace]
 47871 | D:14     | Reached skill level 1 in Transmutations
 48064 | D:14     | Gained mutation: Armour fits poorly on your pseudopods.
                  | [Jiyva's grace]
 48224 | D:15     | Entered Level 15 of the Dungeon
 48296 | D:15     | Got a brightly glowing ivory ring
 48298 | D:15     | Identified the ring of Riurugargh {*Contam rPois Int+10
                  | Dex-2 SInv} (You found it on level 15 of the Dungeon)
 48673 | D:15     | Lost mutation: Your spells are a little harder to cast, but
                  | a little more powerful. [Jiyva's grace]
 48949 | D:15     | Lost mutation: You can translocate small distances at will.
                  | [Jiyva's grace]
 48991 | D:15     | Found a staircase to the Depths.
 49138 | Vaults:1 | Entered Level 1 of the Vaults
 49226 | Vaults:1 | Reached skill level 1 in Throwing
 49299 | Vaults:1 | Lost mutation: You have supernaturally acute eyesight.
                  | (SInv) [Jiyva's grace]
 49310 | Vaults:1 | Identified a scroll of acquirement
 49427 | Vaults:1 | Gained mutation: Your body sometimes deteriorates upon
                  | taking damage. [Jiyva's grace]
 49450 | Vaults:1 | Reached XP level 23. HP: 218/271 MP: 27/27
 49461 | Vaults:1 | Gained mutation: Armour fits poorly on your large
                  | pseudopods. [Jiyva's grace]
 49494 | Vaults:1 | Gained mutation: You have a pair of small antennae on your
                  | head. [Jiyva's grace]
 49635 | Vaults:1 | Lost mutation: Your body sometimes deteriorates upon taking
                  | damage. [Jiyva's power]
 49660 | Vaults:1 | Lost mutation: You have a small jelly attached to you that
                  | senses nearby items. [Jiyva's grace]
 49777 | Vaults:1 | Lost mutation: Your body is covered in golden eyes which
                  | may confuse attackers. (Acc +7, SInv) [Jiyva's grace]
 49961 | Vaults:1 | Gained mutation: You have acidic saliva. [Jiyva's grace]
 50159 | Vaults:1 | Lost mutation: Your flesh is very cold resistant. (rC++)
                  | [Jiyva's grace]
 50338 | Vaults:2 | Found Acrir's Armour Boutique.
 50373 | Vaults:2 | Bought a +0 tower shield for 58 gold pieces
 50384 | Vaults:2 | Identified the amulet of Circularity {Harm *Corrode *Drain
                  | rC+++ Int+3 Dex+5} (You acquired it on level 2 of the
                  | Vaults)
 50659 | Vaults:2 | Gained mutation: You have a small jelly attached to you
                  | that senses nearby items. [Jiyva's grace]
 50753 | Vaults:2 | Gained mutation: Your mind is acute. (Int +2) [Jiyva's
                  | grace]
 50857 | Vaults:2 | Gained mutation: You expend magic power (3 MP) to
                  | strengthen your wands. [Jiyva's grace]
 51002 | Vaults:2 | You fall into a shaft and drop 1 floor!
 51304 | Vaults:3 | Reached skill level 5 in Spellcasting
 51334 | Vaults:3 | Gained mutation: You are covered in fur. (AC +1) [Jiyva's
                  | grace]
 51458 | Vaults:3 | Gained mutation: You have a small jelly attached to you
                  | that may absorb incoming projectiles. [Jiyva's grace]
 51513 | Vaults:3 | Gained mutation: You are robust. (+10% HP) [Jiyva's grace]
 51534 | Vaults:3 | Gained mutation: Your spells are a little harder to cast,
                  | but a little more powerful. [Jiyva's grace]
 51730 | Vaults:3 | Found a staircase to the Crypt.
 51790 | Vaults:3 | Lost mutation: You are covered in fur. (AC +1) [Jiyva's
                  | grace]
 51908 | Vaults:3 | Lost mutation: Your mind is acute. (Int +2) [Jiyva's grace]
 52065 | Vaults:3 | Identified the +2 cloak of Whack-A-Mole {SInv} (You
                  | acquired it on level 3 of the Vaults)
 52085 | Vaults:3 | Gained mutation: Armour fits poorly on your massive
                  | pseudopods. [Jiyva's grace]
 52128 | Vaults:3 | Gained mutation: You have very sharp teeth. [Jiyva's grace]
 52299 | Vaults:4 | Reached skill level 5 in Earth Magic
 52315 | Vaults:4 | Reached skill level 5 in Transmutations
 52323 | Vaults:4 | Gained mutation: Your mind is acute. (Int +2) [Jiyva's
                  | grace]
 52395 | Vaults:4 | Found a runed translucent gate.
 52395 | Vaults:4 | Found a runed translucent gate.
 52395 | Vaults:4 | Found a runed translucent gate.
 52396 | Vaults:4 | Noticed Foufiw's ghost (adept DENe)
 52450 | Vaults:4 | Killed Foufiw's ghost
 52474 | Vaults:4 | Reached XP level 24. HP: 296/312 MP: 32/32
 52528 | Vaults:4 | Reached XP level 25. HP: 321/321 MP: 32/32
 52637 | Vaults:4 | Gained mutation: You possess an exceptional clarity of
                  | mind. [Jiyva's grace]
 52649 | Vaults:4 | Gained mutation: Your translucent skin slightly reduces
                  | your foes' accuracy. (Stealth) [Jiyva's grace]
 52753 | Vaults:4 | Lost mutation: You are robust. (+10% HP) [Jiyva's grace]
 52775 | Vaults:4 | Lost mutation: Your mind is acute. (Int +2) [Jiyva's grace]
 52795 | Vaults:4 | Lost mutation: You have a pair of small antennae on your
                  | head. [Jiyva's grace]
 52845 | Vaults:4 | Lost mutation: Your body has grown many golden eyes which
                  | may confuse attackers. (Acc +5) [Jiyva's grace]
 52858 | Vaults:4 | Gained mutation: Your spells are harder to cast, but more
                  | powerful. [Jiyva's grace]
 52979 | Vaults:4 | Lost mutation: You expend magic power (3 MP) to strengthen
                  | your wands. [Jiyva's grace]
 53123 | Vaults:4 | Lost mutation: You possess an exceptional clarity of mind.
                  | [Jiyva's grace]
 53302 | Vaults:5 | Entered Level 5 of the Vaults
 53426 | Vaults:4 | Lost mutation: Armour fits poorly on your massive
                  | pseudopods. [Jiyva's grace]
 53433 | Vaults:4 | Gained mutation: You are robust. (+10% HP) [Jiyva's grace]
 53684 | Vaults:4 | Lost mutation: Your spells are harder to cast, but more
                  | powerful. [Jiyva's grace]
 53792 | Vaults:4 | Lost mutation: You are robust. (+10% HP) [Jiyva's grace]
 53897 | Vaults:4 | Gained mutation: Your natural rate of healing is unusually
                  | fast. [Jiyva's grace]
 54072 | Vaults:4 | Lost mutation: You have a small jelly attached to you that
                  | senses nearby items. [Jiyva's grace]
 54186 | Vaults:4 | Lost mutation: Armour fits poorly on your large pseudopods.
                  | [Jiyva's grace]
 54695 | Vaults:4 | Paralysed by Trog for 4 turns
 54863 | Vaults:4 | Gained mutation: You have a small jelly attached to you
                  | that senses nearby items. [Jiyva's grace]
 55548 | Vaults:4 | Gained mutation: Armour fits poorly on your large
                  | pseudopods. [Jiyva's grace]
 55670 | Vaults:5 | Identified the cursed +2 mace of the Coin {speed, rPois
                  | Dex+2}
 55732 | Vaults:4 | Paralysed by Trog for 4 turns
 56204 | Vaults:5 | Noticed an ancient lich
 56221 | Vaults:5 | Slimified an ancient lich
 56221 | Vaults:5 | an ancient lich changed into a death ooze
 56257 | Vaults:5 | Noticed an ancient lich
 56260 | Vaults:5 | Slimified an ancient lich
 56260 | Vaults:5 | an ancient lich changed into a death ooze
 56281 | Vaults:5 | Lost mutation: Your translucent skin slightly reduces your
                  | foes' accuracy. (Stealth) [Jiyva's grace]
 56300 | Vaults:5 | Gained mutation: You are resistant to hostile enchantments.
                  | (MR+) [Jiyva's grace]
 56383 | Vaults:5 | Identified the cursed +1 morningstar "Enwa" {vamp, *Contam
                  | rPois rC+ rN++}
 56398 | Vaults:5 | Lost mutation: You have a small jelly attached to you that
                  | may absorb incoming projectiles. [Jiyva's grace]
 56914 | Vaults:5 | Gained mutation: You are somewhat resistant to further
                  | mutation. [Jiyva's grace]
 56976 | Vaults:5 | Got a silver rune of Zot
 56996 | Vaults:5 | Lost mutation: Armour fits poorly on your large pseudopods.
                  | [Jiyva's grace]
 57007 | Vaults:5 | Lost mutation: You have a small jelly attached to you that
                  | senses nearby items. [Jiyva's grace]
 57070 | Vaults:5 | Identified Sif Muna's Volume of the Arsonist and Poison
 57087 | Vaults:5 | Gained mutation: You expend magic power (3 MP) to
                  | strengthen your wands. [Jiyva's grace]
 57208 | Vaults:5 | Identified Magic, Part Five
 57228 | Vaults:5 | Gained mutation: You passively map a small area around you.
                  | [Jiyva's grace]
 57367 | Vaults:5 | Lost mutation: You have acidic saliva. [Jiyva's grace]
 57534 | Vaults:5 | Reached XP level 26. HP: 304/305 MP: 35/35
 57694 | Vaults:5 | Was forgiven by Trog
 57833 | Vaults:5 | Gained mutation: Your rubbery body absorbs attacks. (AC +1,
                  | EV +1) [Jiyva's grace]
 58114 | Vaults:5 | Identified the cursed +1 robe of the Pits of Slime {MR+
                  | Dex-2 SInv} (You found it on level 5 of the Vaults)
 58290 | Vaults:1 | Identified the +0 robe of the Hall of Blades {rC+ rN+ Str+4
                  | Dex+3} (You found it on level 1 of the Vaults)
 58396 | Depths:1 | Entered Level 1 of the Depths
 58514 | Depths:1 | Found a gateway to Hell.
 58564 | Depths:2 | You fall into a shaft and drop 2 floors!
 58565 | Depths:4 | Noticed a juggernaut
 58566 | Depths:4 | Slimified a juggernaut
 58566 | Depths:4 | a juggernaut changed into an acid blob
 58583 | Depths:4 | Lost mutation: You are resistant to hostile enchantments.
                  | (MR+) [Jiyva's grace]
 58618 | Depths:4 | Lost mutation: Your flesh is cold resistant. (rC+) [Jiyva's
                  | grace]
 58746 | Depths:4 | Gained mutation: You are partially covered in large bone
                  | plates. (SH +4) [Jiyva's grace]
 58925 | Depths:4 | Lost mutation: You passively map a small area around you.
                  | [Jiyva's grace]
 59005 | Depths:4 | Found a corrupted altar of Lugonu.
 59102 | Depths:5 | Entered Level 5 of the Depths
 59161 | Depths:5 | Lost mutation: Armour fits poorly on your pseudopods.
                  | [Jiyva's grace]
 59403 | Depths:5 | Gained mutation: You are covered in slimy tendrils that may
                  | disarm your opponents. [Jiyva's grace]
 59421 | Depths:5 | Lost mutation: You expend magic power (3 MP) to strengthen
                  | your wands. [Jiyva's grace]
 59453 | Depths:5 | Gained mutation: You tend to lose your temper in combat.
                  | [Jiyva's grace]
 59471 | Depths:5 | Gained mutation: Armour fits poorly on your pseudopods.
                  | [Jiyva's grace]
 59481 | Depths:5 | Found a gate to the Realm of Zot.
 59953 | Depths:5 | Reached skill level 10 in Spellcasting
 60152 | Depths:4 | Lost mutation: You tend to lose your temper in combat.
                  | [Jiyva's power]
 60154 | Depths:5 | Gained mutation: You are dopey. (Int -2) [Jiyva's grace]
 60437 | Hell     | Entered the Vestibule of Hell
 60437 | Hell     | Noticed Geryon
 61262 | Swamp:4  | Gained mutation: You passively map a small area around you.
                  | [Jiyva's grace]
 61905 | Hell     | Killed Geryon
 61923 | Hell     | Found a gateway to the Iron City of Dis.
 61988 | Hell     | Found a gateway to the decaying netherworld of Tartarus.
 62011 | Hell     | Reached XP level 27. HP: 299/315 MP: 37/37
 62035 | Hell     | Found a gateway to the freezing wastes of Cocytus.
 62072 | Hell     | Lost mutation: You are partially covered in large bone
                  | plates. (SH +4) [Jiyva's grace]
 62124 | Hell     | Found a gateway to the ashen valley of Gehenna.
 62186 | Geh:1    | Entered Level 1 of Gehenna
 62270 | Geh:1    | You fall into a shaft and drop 1 floor!
 62574 | Geh:2    | Gained mutation: You heal very quickly. [Jiyva's grace]
 62716 | Geh:3    | Reached skill level 10 in Transmutations
 62729 | Geh:3    | Reached skill level 10 in Earth Magic
 62832 | Geh:3    | Gained mutation: You have acidic saliva. [Jiyva's grace]
 62956 | Geh:3    | Gained mutation: You are partially covered in large bone
                  | plates. (SH +4) [Jiyva's grace]
 63037 | Geh:5    | HP: 17/412 [balrug/fireball (9)]
 63038 | Geh:5    | HP: 6/412 [hell hound/blast of flame (5)]
 63283 | Tar:1    | Entered Level 1 of Tartarus
 63399 | Tar:1    | Lost mutation: You are partially covered in large bone
                  | plates. (SH +4) [Jiyva's grace]
 63642 | Tar:1    | Lost mutation: You are dopey. (Int -2) [Jiyva's grace]
 64353 | Depths:3 | Gained mutation: You can translocate small distances at
                  | will. [Jiyva's grace]
 64366 | Depths:3 | Gained mutation: You are covered in fur. (AC +1) [Jiyva's
                  | grace]
 64587 | Depths:3 | Found a gateway to a ziggurat.
 64613 | Depths:3 | Noticed Frederick
 64655 | Depths:2 | Gained mutation: Your mind is acute. (Int +2) [Jiyva's
                  | grace]
 65223 | Depths:1 | You fall into a shaft and drop 1 floor!
 65393 | Depths:2 | Gained mutation: You are robust. (+10% HP) [Jiyva's grace]
 65496 | Depths:2 | Lost mutation: Armour fits poorly on your pseudopods.
                  | [Jiyva's grace]
 65519 | Depths:2 | Lost mutation: Your spells are a little harder to cast, but
                  | a little more powerful. [Jiyva's grace]
 65662 | Depths:2 | Noticed a juggernaut
 65665 | Depths:2 | Slimified a juggernaut
 65665 | Depths:2 | a juggernaut changed into an azure jelly
 65721 | Depths:2 | Gained mutation: You have a small jelly attached to you
                  | that may absorb incoming projectiles. [Jiyva's grace]
 65785 | Depths:2 | Identified the Almanac of Mutagenic Companions
 65786 | Depths:2 | Got a shimmering iron ring
 65792 | Depths:2 | Got a pitted battleaxe
 65792 | Depths:2 | Got a flickering ruby amulet
 65794 | Depths:2 | Identified the amulet of Uzxopim {Reflect rElec SH+3} (You
                  | found it on level 2 of the Depths)
 65799 | Depths:2 | Identified the ring of Fragile Peace {rF+ Int+5 SInv
                  | Stlth-} (You found it on level 2 of the Depths)
 65803 | Depths:2 | Identified the +8 battleaxe "Ysiuvam" {venom, Fragile rPois
                  | rN+++ MR+} (You found it on level 2 of the Depths)
 65956 | Depths:2 | Lost mutation: Your body has grown golden eyes which may
                  | confuse attackers. (Acc +3) [Jiyva's grace]
 66008 | Depths:2 | Found Hoiceynt's Food Boutique.
 66011 | Depths:2 | Bought a ration for 50 gold pieces
 66011 | Depths:2 | Bought a ration for 50 gold pieces
 66011 | Depths:2 | Bought a ration for 50 gold pieces
 66011 | Depths:2 | Bought a ration for 50 gold pieces
 66011 | Depths:2 | Bought a ration for 50 gold pieces
 66011 | Depths:2 | Bought a ration for 50 gold pieces
 66011 | Depths:2 | Bought a ration for 50 gold pieces
 66011 | Depths:2 | Bought a ration for 50 gold pieces
 66011 | Depths:2 | Bought a ration for 50 gold pieces
 66011 | Depths:2 | Bought a ration for 50 gold pieces
 66011 | Depths:2 | Bought a ration for 50 gold pieces
 66011 | Depths:2 | Bought a ration for 50 gold pieces
 66044 | Depths:2 | Gained mutation: Your spells are a little harder to cast,
                  | but a little more powerful. [Jiyva's grace]
 66174 | Depths:3 | Lost mutation: You have very sharp teeth. [Jiyva's grace]
 66255 | Depths:3 | Lost mutation: You are robust. (+10% HP) [Jiyva's grace]
 66749 | Depths:3 | Killed Frederick
 66754 | Depths:3 | Lost mutation: You have acidic saliva. [Jiyva's grace]
 66815 | Depths:1 | Gained mutation: You expend magic power (3 MP) to
                  | strengthen your wands. [Jiyva's grace]
 66858 | Depths:1 | Learned a level 2 spell: Passwall
 66863 | Depths:1 | Learned a level 4 spell: Petrify
 66869 | Depths:1 | Learned a level 5 spell: Lee's Rapid Deconstruction
 66870 | Depths:1 | Lost mutation: You are somewhat resistant to further
                  | mutation. [Jiyva's grace]
 66870 | Depths:1 | Gained mutation: You evolve. [Jiyva's grace]
 67095 | Depths:1 | Lost mutation: You are partially covered in thin metallic
                  | scales. (AC +2) [Jiyva's grace]
 67100 | Depths:1 | Gained mutation: You have sharp toenails. [Jiyva's grace]
 67267 | Pan      | Entered Pandemonium
 67322 | Pan      | Noticed Zuto the pandemonium lord
 67355 | Pan      | Found an exit through the horrors of the Abyss.
 67642 | Pan      | Lost mutation: You passively map a small area around you.
                  | [Jiyva's grace]
 67752 | Pan      | Found a runed translucent door.
 67814 | Pan      | Gained mutation: You have acidic saliva. [Jiyva's grace]
 67895 | Pan      | Gained mutation: You occasionally shout uncontrollably at
                  | your foes. [a cacodemon]
 67947 | Pan      | Lost mutation: You occasionally shout uncontrollably at
                  | your foes. [Jiyva's power]
 68022 | Pan      | Gained mutation: Your body sometimes deteriorates upon
                  | taking damage. [a cacodemon]
 68073 | Pan      | Lost mutation: Your body sometimes deteriorates upon taking
                  | damage. [Jiyva's power]
 68249 | Pan      | Gained mutation: You occasionally shout uncontrollably at
                  | your foes. [a cacodemon]
 68308 | Pan      | Lost mutation: You have acidic saliva. [evolution]
 68369 | Pan      | Noticed Nammi the pandemonium lord
 68395 | Pan      | Noticed Zeebrabisk the pandemonium lord
 68512 | Pan      | Lost mutation: Your spells are a little harder to cast, but
                  | a little more powerful. [a neqoxec]
 68569 | Pan      | Gained mutation: You are resistant to electric shocks.
                  | (rElec) [Jiyva's grace]
 68611 | Pan      | Entered the realm of Cerebov.
 68822 | Pan      | Identified the +6 sword of Cerebov {flame}
 68822 | Pan      | Noticed Cerebov
 68830 | Pan      | Gained mutation: Your spells are a little harder to cast,
                  | but a little more powerful. [Jiyva's grace]
 68835 | Pan      | Got a translucent lapis lazuli ring
 68880 | Pan      | Lost mutation: Your mind is acute. (Int +2) [Jiyva's grace]
 68979 | Pan      | Identified the ring "Bijao" {+Inv rElec MP+9 Dex+2 Slay+3}
                  | (You found it in Pandemonium)
 69215 | Pan      | Identified the Almanac of Ice
 69282 | Pan      | Lost mutation: You occasionally shout uncontrollably at
                  | your foes. [Jiyva's grace]
 69349 | Pan      | Lost mutation: You have a small jelly attached to you that
                  | may absorb incoming projectiles. [Jiyva's grace]
 69392 | Pan      | Lost mutation: Your spells are a little harder to cast, but
                  | a little more powerful. [a cacodemon]
 69393 | Pan      | Killed Cerebov
 69480 | Pan      | Got a fiery rune of Zot
 69719 | Pan      | Lost mutation: You are covered in slimy tendrils that may
                  | disarm your opponents. [a cacodemon]
 69728 | Pan      | Gained mutation: Scrolls take you a little longer to read.
                  | [a cacodemon]
 69729 | Pan      | Gained mutation: You are occasionally teleported next to
                  | monsters. [a cacodemon]
 69738 | Pan      | Gained mutation: Your body sometimes deteriorates upon
                  | taking damage. [a cacodemon]
 69792 | Pan      | Lost mutation: Your body sometimes deteriorates upon taking
                  | damage. [Jiyva's grace]
 69879 | Pan      | Entered the realm of Gloorx Vloq.
 70101 | Pan      | Lost mutation: Scrolls take you a little longer to read.
                  | [Jiyva's power]
 70102 | Pan      | Lost mutation: You are occasionally teleported next to
                  | monsters. [Jiyva's power]
 70211 | Pan      | Noticed Gloorx Vloq
 70232 | Pan      | HP: 12/319 [??? (9)]
 70328 | Pan      | Killed Gloorx Vloq
 70412 | Pan      | Gained mutation: You have sharp fingernails. [Jiyva's
                  | grace]
 70468 | Pan      | Got a dark rune of Zot
 70568 | Pan      | Reached skill level 5 in Throwing
 71148 | Pan      | Noticed Lyuhoem the pandemonium lord
 71310 | Pan      | Gained mutation: Your muscles are strong. (Str +2) [Jiyva's
                  | grace]
 71663 | Pan      | Lost mutation: You evolve. [Jiyva's grace]
 71672 | Pan      | Entered the realm of Lom Lobon.
 72050 | Pan      | Lost mutation: You expend magic power (3 MP) to strengthen
                  | your wands. [Jiyva's grace]
 72145 | Pan      | Reached skill level 27 in Fighting
 72460 | Pan      | Noticed Lom Lobon
 72506 | Pan      | Killed Lom Lobon
 72705 | Pan      | Got a magical rune of Zot
 72790 | Pan      | Entered the realm of Mnoleg.
 72790 | Pan      | Noticed Mnoleg
 72792 | Pan      | Gained mutation: Your magical capacity is low. (-10% MP)
                  | [Mnoleg's mutagenic touch]
 72794 | Pan      | Gained mutation: You are clumsy. (Dex -2) [a cacodemon]
 72807 | Pan      | Killed Mnoleg
 72823 | Pan      | Gained mutation: You are frail. (-10% HP) [a neqoxec]
 72827 | Pan      | Gained mutation: You are very frail. (-20% HP) [a
                  | cacodemon]
 72829 | Pan      | Gained mutation: You are very clumsy. (Dex -4) [a neqoxec]
 72834 | Pan      | Gained mutation: You occasionally shout uncontrollably at
                  | your foes. [a cacodemon]
 72847 | Pan      | Lost mutation: You are very frail. (-20% HP) [Jiyva's
                  | power]
 72848 | Pan      | Lost mutation: Your magical capacity is low. (-10% MP)
                  | [Jiyva's power]
 72867 | Pan      | Got a glowing rune of Zot
 72933 | Pan      | Gained mutation: You are very frail. (-20% HP) [a neqoxec]
 72972 | Pan      | Gained mutation: Scrolls take you a little longer to read.
                  | [a cacodemon]
 72979 | Pan      | Gained mutation: Your magical capacity is low. (-10% MP) [a
                  | cacodemon]
 73055 | Pan      | Lost mutation: Your muscles are strong. (Str +2) [a
                  | cacodemon]
 73073 | Pan      | Lost mutation: You have sharp toenails. [potion of
                  | mutation]
 73073 | Pan      | Lost mutation: Scrolls take you a little longer to read.
                  | [potion of mutation]
 73073 | Pan      | Gained mutation: Your body sometimes deteriorates upon
                  | taking damage. [potion of mutation]
 73073 | Pan      | Gained mutation: You are partially covered in rugged brown
                  | scales. (AC +1, +3% HP) [potion of mutation]
 73074 | Pan      | Lost mutation: You heal very quickly. [potion of mutation]
 73074 | Pan      | Lost mutation: Your rubbery body absorbs attacks. (AC +1,
                  | EV +1) [potion of mutation]
 73074 | Pan      | Lost mutation: You can translocate small distances at will.
                  | [potion of mutation]
 73074 | Pan      | Gained mutation: You are partially covered in large bone
                  | plates. (SH +4) [potion of mutation]
 73075 | Pan      | Lost mutation: Your body sometimes deteriorates upon taking
                  | damage. [potion of mutation]
 73075 | Pan      | Lost mutation: Your magical capacity is low. (-10% MP)
                  | [potion of mutation]
 73075 | Pan      | Gained mutation: You expend magic power (3 MP) to
                  | strengthen your wands. [potion of mutation]
 73075 | Pan      | Lost mutation: You are very clumsy. (Dex -4) [potion of
                  | mutation]
 73075 | Pan      | Lost mutation: You are clumsy. (Dex -2) [potion of
                  | mutation]
 73075 | Pan      | Gained mutation: You are agile. (Dex +2) [potion of
                  | mutation]
 73076 | Pan      | Lost mutation: You are covered in fur. (AC +1) [potion of
                  | mutation]
 73076 | Pan      | Lost mutation: You expend magic power (3 MP) to strengthen
                  | your wands. [potion of mutation]
 73076 | Pan      | Lost mutation: You are very frail. (-20% HP) [potion of
                  | mutation]
 73076 | Pan      | Gained mutation: Your body sometimes deteriorates upon
                  | taking damage. [potion of mutation]
 73076 | Pan      | Gained mutation: You have large cloven feet. [potion of
                  | mutation]
 73151 | Pan      | Gained mutation: Your magical capacity is low. (-10% MP) [a
                  | cacodemon]
 73313 | Pan      | Gained mutation: Your magical capacity is very low. (-20%
                  | MP) [a cacodemon]
 73319 | Pan      | Gained mutation: Your body often deteriorates upon taking
                  | damage. [a cacodemon]
 73407 | Pan      | Lost mutation: Your body often deteriorates upon taking
                  | damage. [a neqoxec]
 73471 | Pan      | Found an exit through the horrors of the Abyss.
 73480 | Pan      | Took an exit into the Abyss.
 73480 | Abyss:1  | Escaped into the Abyss
 73550 | Abyss:1  | Found a blossoming altar of Fedhas.
 73563 | Depths:3 | Escaped the Abyss
 73617 | Depths:2 | Lost mutation: You are agile. (Dex +2) [Jiyva's grace]
 73933 | Slime:5  | Lost mutation: You have sharp fingernails. [Jiyva's grace]
 73939 | Slime:5  | Gained mutation: Your flesh is cold resistant. (rC+)
                  | [Jiyva's grace]
 73986 | Slime:5  | Gained mutation: You expend magic power (3 MP) to
                  | strengthen your wands. [Jiyva's grace]
 73988 | Slime:5  | Got a transparent amethyst amulet
 73994 | Slime:5  | Gained mutation: Your muscles are strong. (Str +2) [Jiyva's
                  | grace]
 74006 | Slime:5  | Got a slimy rune of Zot
 74021 | Slime:5  | Identified the amulet of Riroun {RegenMP +Fly rC+ Dex-3}
                  | (You found it on level 5 of the Pits of Slime)
 74424 | Depths:4 | Gained mutation: Your rubbery body absorbs attacks. (AC +1,
                  | EV +1) [Jiyva's grace]
 74702 | Depths:4 | Lost mutation: Your body sometimes deteriorates upon taking
                  | damage. [Jiyva's power]
 74703 | Depths:4 | Lost mutation: You are frail. (-10% HP) [Jiyva's power]
 74704 | Depths:4 | Lost mutation: Your magical capacity is very low. (-20% MP)
                  | [Jiyva's power]
 74705 | Depths:4 | Lost mutation: Your magical capacity is low. (-10% MP)
                  | [Jiyva's power]
 74986 | Pan      | Entered Pandemonium
 75295 | Pan      | Gained mutation: You are agile. (Dex +2) [Jiyva's grace]
 75311 | Pan      | Noticed Wenwoch the pandemonium lord
 75721 | Pan      | Gained mutation: Your spells are a little easier to cast,
                  | but a little less powerful. [a cacodemon]
 75726 | Pan      | Killed Wenwoch the pandemonium lord
 75726 | Pan      | Reached skill level 10 in Throwing
 76061 | Pan      | Lost mutation: Your spells are a little easier to cast, but
                  | a little less powerful. [Jiyva's grace]
 76358 | Pan      | Found a huge runed translucent gate.
 76358 | Pan      | Found a huge runed translucent gate.
 76361 | Pan      | Found a huge runed translucent gate.
 76362 | Pan      | Found a huge runed translucent gate.
 76364 | Pan      | Found a huge runed translucent gate.
 76365 | Pan      | Found a huge runed translucent gate.
 76366 | Pan      | Found a huge runed translucent gate.
 76477 | Pan      | Found a huge runed translucent gate.
 76569 | Pan      | Gained mutation: You are resistant to hostile enchantments.
                  | (MR+) [Jiyva's grace]
 76859 | Pan      | Gained mutation: You have supernaturally acute eyesight.
                  | (SInv) [Jiyva's grace]
 76968 | Pan      | Noticed Aletipn the pandemonium lord
 77001 | Pan      | Killed Aletipn the pandemonium lord
 77011 | Pan      | Gained mutation: Your spells are a little easier to cast,
                  | but a little less powerful. [a cacodemon]
 77061 | Pan      | Noticed Efarai the pandemonium lord
 77081 | Pan      | Killed Efarai the pandemonium lord
 77613 | Pan      | Gained mutation: Armour fits poorly on your strangely
                  | shaped body. [a cacodemon]
 77699 | Pan      | Found an exit through the horrors of the Abyss.
 77714 | Pan      | Noticed Mennas
 77737 | Pan      | Killed Mennas
 77864 | Pan      | Gained mutation: Your body sometimes deteriorates upon
                  | taking damage. [a neqoxec]
 77894 | Pan      | Noticed Yhuegear the pandemonium lord
 77924 | Pan      | Lost mutation: Armour fits poorly on your strangely shaped
                  | body. [Jiyva's power]
 77925 | Pan      | Lost mutation: Your spells are a little easier to cast, but
                  | a little less powerful. [Jiyva's power]
 77926 | Pan      | Lost mutation: Your body sometimes deteriorates upon taking
                  | damage. [Jiyva's power]
 77974 | Pan      | Reached skill level 10 in Armour
 78193 | Pan      | Gained mutation: You have acidic saliva. [Jiyva's grace]
 78253 | Pan      | Gained mutation: You are partially covered in icy blue
                  | scales. (AC +2) [Jiyva's grace]
 78430 | Pan      | Found a white marble altar of Elyvilon.
 78431 | Pan      | Identified the cursed -3 tower shield "Mear Jye" {rC+ rN+}
 78937 | Pan      | Gained mutation: Your pliable body absorbs attacks. (AC +2,
                  | EV +2) [Jiyva's grace]
 79032 | Pan      | Gained mutation: You are very agile. (Dex +4) [Jiyva's
                  | grace]
 79165 | Pan      | Lost mutation: You have acidic saliva. [Jiyva's grace]
 79236 | Pan      | Identified the +3 morningstar "Uthripp" {speed, rPois rF+}
 79236 | Pan      | Identified the +5 hunting sling of Huolatylul {venom,
                  | rN+++}
 79236 | Pan      | Identified the +4 scale mail "Woats" {rElec rPois rN+++
                  | Str-4}
 79311 | Pan      | Identified the ring "Loogg" {*Tele SInv}
 79409 | Pan      | Found a glowing silver altar of Zin.
 79508 | Pan      | Identified the cursed +2 long sword of Dust {venom, +Rage
                  | rElec rF+ Str-4}
 79714 | Pan      | Gained mutation: You are somewhat resistant to further
                  | mutation. [Jiyva's grace]
 79767 | Pan      | Gained mutation: Your spells are a little harder to cast,
                  | but a little more powerful. [Jiyva's grace]
 80236 | Pan      | Lost mutation: You are very agile. (Dex +4) [Jiyva's grace]
 80262 | Pan      | Gained mutation: Your mind is acute. (Int +2) [Jiyva's
                  | grace]
 80385 | Pan      | Noticed a seraph
 80483 | Pan      | Lost mutation: Your flesh is cold resistant. (rC+) [Jiyva's
                  | grace]
 80550 | Pan      | Lost mutation: Your spells are a little harder to cast, but
                  | a little more powerful. [Jiyva's grace]
 80602 | Pan      | Killed a seraph
 80614 | Pan      | Found a glowing golden altar of the Shining One.
 80622 | Pan      | Identified the Guide on the Creative Oath
 80625 | Pan      | Got a demonic rune of Zot
 80657 | Pan      | Learned a level 2 spell: Song of Slaying
 80696 | Depths:3 | Escaped Pandemonium
 80733 | Depths:3 | Reached skill level 1 in Charms
 80753 | Depths:3 | Found the +9 sword of Zonguldrok {reap}
 80922 | Depths:3 | Noticed a juggernaut
 80958 | Depths:3 | Slimified a juggernaut
 80958 | Depths:3 | a juggernaut changed into an acid blob
 81006 | Depths:3 | Lost mutation: You occasionally shout uncontrollably at
                  | your foes. [Jiyva's power]
 81024 | Depths:3 | Lost mutation: Your mind is acute. (Int +2) [Jiyva's grace]
 81315 | Tar:2    | Gained mutation: Your gelatinous body deflects attacks. (AC
                  | +3, EV +3) [Jiyva's grace]
 81325 | Tar:2    | Reached skill level 5 in Charms
 81474 | Tar:2    | Learned a level 3 spell: Portal Projectile
 81720 | Tar:2    | Reached skill level 1 in Hexes
 81720 | Tar:2    | Reached skill level 1 in Translocations
 82174 | Tar:6    | Gained mutation: Your mind is acute. (Int +2) [Jiyva's
                  | grace]
 82604 | Tar:6    | You fall into a shaft and drop 1 floor!
 82604 | Tar:7    | Entered Level 7 of Tartarus
 82866 | Tar:7    | Gained mutation: Your muscles are very strong. (Str +4)
                  | [Jiyva's grace]
 82890 | Tar:7    | Reached skill level 5 in Hexes
 82890 | Tar:7    | Reached skill level 5 in Translocations
 84081 | Tar:7    | Lost mutation: You are agile. (Dex +2) [Jiyva's grace]
 84998 | Tar:7    | Noticed Ereshkigal
 85051 | Tar:7    | HP: 12/332 [???[a doom hound] (9)]
 85382 | Tar:2    | You fall into a shaft and drop 2 floors!
 85444 | Tar:4    | Lost mutation: Your gelatinous body deflects attacks. (AC
                  | +3, EV +3) [Jiyva's grace]
 85896 | Tar:5    | Noticed an ancient lich
 86049 | Geh:1    | Lost mutation: Your mind is acute. (Int +2) [Jiyva's grace]
 86080 | Geh:1    | Lost mutation: You are partially covered in large bone
                  | plates. (SH +4) [Jiyva's grace]
 86135 | Geh:1    | Found a huge runed gate.
 86196 | Geh:1    | Found a huge runed gate.
 86196 | Geh:1    | Found a huge runed gate.
 86279 | Geh:1    | Found a huge runed gate.
 86281 | Geh:1    | Found a huge runed gate.
 86281 | Geh:1    | Found a huge runed gate.
 86281 | Geh:1    | Found a huge runed gate.
 86282 | Geh:1    | Found a huge runed gate.
 86283 | Geh:1    | Found a huge runed gate.
 86283 | Geh:1    | Found a huge runed gate.
 86283 | Geh:1    | Found a huge runed gate.
 86283 | Geh:1    | Found a huge runed gate.
 86288 | Geh:1    | Found a huge runed gate.
 86288 | Geh:1    | Found a huge runed gate.
 86289 | Geh:1    | Found a huge runed gate.
 86289 | Geh:1    | Found a huge runed gate.
 86289 | Geh:1    | Found a huge runed gate.
 86429 | Geh:1    | Found a huge runed gate.
 86432 | Geh:1    | Found a huge runed gate.
 86474 | Geh:1    | Gained mutation: Your translucent skin slightly reduces
                  | your foes' accuracy. (Stealth) [Jiyva's grace]
 86504 | Geh:1    | Gained mutation: Your flesh is heat resistant. (rF+)
                  | [Jiyva's grace]
 87274 | Geh:4    | Lost mutation: Your muscles are very strong. (Str +4)
                  | [Jiyva's grace]
 87288 | Geh:4    | Lost mutation: Your muscles are strong. (Str +2) [Jiyva's
                  | grace]
 87289 | Geh:4    | Lost mutation: Your natural rate of healing is unusually
                  | fast. [Jiyva's grace]
 87290 | Geh:4    | Lost mutation: You have supernaturally acute eyesight.
                  | (SInv) [Jiyva's grace]
 87291 | Geh:4    | Gained mutation: Your flesh is very heat resistant. (rF++)
                  | [Jiyva's grace]
 87670 | Geh:5    | Lost mutation: You expend magic power (3 MP) to strengthen
                  | your wands. [Jiyva's grace]
 87675 | Geh:5    | Gained mutation: You expend magic power (3 MP) to
                  | strengthen your wands. [Jiyva's grace]
 87861 | Geh:6    | Gained mutation: Your natural rate of healing is unusually
                  | fast. [Jiyva's grace]
 87940 | Geh:6    | Lost mutation: You expend magic power (3 MP) to strengthen
                  | your wands. [Jiyva's grace]
 87998 | Geh:6    | Gained mutation: Your gelatinous body deflects attacks. (AC
                  | +3, EV +3) [Jiyva's grace]
 88211 | Geh:6    | Lost mutation: Your flesh is very heat resistant. (rF++)
                  | [Jiyva's grace]
 88244 | Geh:7    | Entered Level 7 of Gehenna
 88741 | Geh:7    | Lost mutation: You are partially covered in icy blue
                  | scales. (AC +2) [Jiyva's grace]
 88750 | Geh:7    | Lost mutation: You are resistant to hostile enchantments.
                  | (MR+) [Jiyva's grace]
 88915 | Geh:7    | Gained mutation: You expend magic power (3 MP) to
                  | strengthen your wands. [Jiyva's grace]
 89105 | Geh:7    | Identified the +5 great mace of the Tundras {vorpal, rF+
                  | Str+2}
 89170 | Geh:7    | Gained mutation: Your spells are a little harder to cast,
                  | but a little more powerful. [Jiyva's grace]
 89518 | Geh:7    | Identified the ring of the Harvest {+Inv rF+ rN++ MR+ Dex-5
                  | Stlth+}
 89773 | Geh:7    | Lost mutation: You expend magic power (3 MP) to strengthen
                  | your wands. [Jiyva's grace]
 90749 | Geh:7    | Gained mutation: Armour fits poorly on your pseudopods.
                  | [Jiyva's grace]
 91231 | Geh:7    | Identified the amulet "Cuered" {rC+ rN+ Regen+}
 91315 | Geh:7    | Identified Sif Muna's Catalogue of Feathers and
                  | Transformation
 91337 | Geh:7    | Identified the +7 sceptre of Asmodeus
 91337 | Geh:7    | Noticed Asmodeus
 91386 | Geh:7    | Killed Asmodeus
 91551 | Geh:7    | Found the +1 cloak of Starlight {rElec rC+ EV+4 Stlth--}
 91576 | Geh:7    | Identified the Disquisition on Evil and the Blaze
 91584 | Geh:7    | Identified Qusonor's Compendium of the Doomed Traveller
 91608 | Geh:7    | Got an obsidian rune of Zot
 91608 | Geh:7    | Lost mutation: Your gelatinous body deflects attacks. (AC
                  | +3, EV +3) [Jiyva's grace]
 91614 | Geh:7    | Identified the +2 robe "Fopruar" {MR+ Str+4} (You found it
                  | on level 7 of Gehenna)
 91926 | Tar:2    | Reached skill level 15 in Spellcasting
 91947 | Tar:2    | Reached skill level 15 in Transmutations
 92008 | Tar:6    | Reached skill level 15 in Earth Magic
 92033 | Tar:6    | Gained mutation: Your body has grown golden eyes which may
                  | confuse attackers. (Acc +3) [Jiyva's grace]
 92570 | Tar:7    | Killed Ereshkigal
 92570 | Tar:7    | Reached skill level 27 in Maces & Flails
 92779 | Tar:7    | Got a bone rune of Zot
 93204 | Dis:1    | Entered Level 1 of the Iron City of Dis
 93292 | Dis:1    | Gained mutation: You are agile. (Dex +2) [Jiyva's grace]
 94063 | Dis:3    | Lost mutation: Your flesh is heat resistant. (rF+) [Jiyva's
                  | grace]
 94594 | Dis:6    | Found a burning altar of Makhleb.
 94917 | Dis:7    | Entered Level 7 of the Iron City of Dis
 95306 | Dis:7    | Lost mutation: You are somewhat resistant to further
                  | mutation. [Jiyva's grace]
 95463 | Dis:7    | Found the +6 Majin-Bo {vamp, Archmagi MP+6 Int+6}
 95506 | Dis:7    | Got a coiled bone ring
 95512 | Dis:7    | Identified the ring "Weclavelo" {Ice MR+} (You found it on
                  | level 7 of the Iron City of Dis)
 95633 | Dis:7    | Identified the +4 staff of Dispater
 95633 | Dis:7    | Noticed Dispater
 96129 | Dis:7    | Learned a level 4 spell: Passage of Golubria
 96133 | Dis:7    | Learned a level 3 spell: Ozocubu's Armour
 96137 | Dis:7    | Learned a level 1 spell: Apportation
 96339 | Dis:7    | Gained mutation: Scrolls take you a little longer to read.
                  | [a cacodemon]
 96373 | Dis:7    | Killed Dispater
 96384 | Dis:7    | Gained mutation: You are mostly covered in rugged brown
                  | scales. (AC +2, +5% HP) [Jiyva's grace]
 96678 | Dis:7    | Gained mutation: You are partially covered in molten
                  | scales. (AC +2) [Jiyva's grace]
 97086 | Dis:4    | Gained mutation: Your spells are harder to cast, but more
                  | powerful. [Jiyva's grace]
 97136 | Dis:4    | You fall into a shaft and drop 2 floors!
 97251 | Dis:7    | Lost mutation: You are agile. (Dex +2) [Jiyva's grace]
 97370 | Dis:7    | Got a bound tin ring
 97372 | Dis:7    | Got a shimmering tin ring
 97378 | Dis:7    | Got an iron rune of Zot
 97529 | Hell     | Identified the cursed ring "Taklolyw" {rC+ EV-3 Str+3
                  | Dex-5} (You found it on level 7 of the Iron City of Dis)
 97534 | Hell     | Identified the ring of Jicem {rN++ EV+2} (You found it on
                  | level 7 of the Iron City of Dis)
 97613 | Zig:1    | Entered Level 1 of a ziggurat
 97613 | Zig:1    | Noticed Jixeho Timar the pandemonium lord
 97629 | Zig:1    | Killed Jixeho Timar the pandemonium lord
 97641 | Zig:2    | Entered Level 2 of a ziggurat
 97674 | Zig:3    | Entered Level 3 of a ziggurat
 97709 | Zig:4    | Entered Level 4 of a ziggurat
 97752 | Zig:4    | Identified the Compendium of the Dark Frostbite
 97765 | Zig:5    | Entered Level 5 of a ziggurat
 97828 | Zig:6    | Entered Level 6 of a ziggurat
 97899 | Zig:6    | Got a coiled ruby amulet
 97917 | Zig:6    | Identified the amulet "Buttoc" {Regen+ Int+3} (You found it
                  | on level 6 of a ziggurat)
 97967 | Zig:7    | Entered Level 7 of a ziggurat
 97994 | Zig:7    | Got a steaming lead ring
 97996 | Zig:7    | Got a serpentine granite ring
 98001 | Depths:3 | Lost mutation: You are resistant to electric shocks.
                  | (rElec) [Jiyva's grace]
 98289 | Depths:2 | Identified the ring of Foeth {rElec rN+ Str+3 Dex+5} (You
                  | found it on level 7 of a ziggurat)
 98291 | Depths:2 | Identified the ring "Ennoec Idilu" {rPois Str-3 Dex+3 SInv
                  | Stlth+} (You found it on level 7 of a ziggurat)
 98364 | Coc:1    | Entered Level 1 of Cocytus
 98588 | Coc:7    | Entered Level 7 of Cocytus
 98828 | Coc:7    | Noticed the Serpent of Hell
 98857 | Coc:7    | HP: 8/339 [the Serpent of Hell (14)]
 98887 | Coc:7    | Gained mutation: You are covered in slimy tendrils that may
                  | disarm your opponents. [Jiyva's grace]
 98935 | Coc:7    | Gained mutation: Armour fits poorly on your large
                  | pseudopods. [Jiyva's grace]
 99078 | Coc:7    | Reached skill level 15 in Armour
 99164 | Coc:7    | Killed the Serpent of Hell
 99164 | Coc:7    | Reached skill level 27 in Shields
 99186 | Coc:7    | Killed from afar by a blizzard demon

Levels and vault maps discovered:
D:1:      dpeg_arrival_three_smaller_balls, layout_basic
D:2:      layout_basic, lemuel_coloured_pillars_altar, lemuel_round_altar,
          marbit_many_paths
D:3:      layout_loops_ring, lightli_temple_of_fire, lemuel_round_altar,
          uniq_jessica
D:4:      layout_gridville, first_ration, hangedman_decor_opposing
D:5:      layout_gridville, basic_altar, nicolae_underground_beach
D:6:      layout_basic, tgw_xom, nicolae_ossuary_entry_plus
D:7:      minmay_flawed_box, layout_loops_ring, old_standard_altar,
          grunt_temple_overflow_lords_of_destruction, okawaru_gym_becter,
          lemuel_crystal_altar, minmay_temple_entry_waves
D:8:      layout_loops_corners
D:9:      layout_roguey, orc_0_dummy
D:10:     layout_long_grid, dpeg_lair_monsters, the_bakery,
          kennysheep_generic_room_13
D:11:     layout_loops_cross, minmay_quadrilaterals
D:12:     slaughterhouse, layout_basic, serial_shops, shop,
          portal_ice_cave_rime, hangedman_cracks_in_the_wall
D:13:     layout_rooms, enter_bailey_2, gauntlet_entry_generic
D:14:     layout_rooms, david_vaults_1, serial_bayou_pond_b
D:15:     hangedman_depths_entry_civil_slaughter, layout_small_grid
Lair:1:   layout_misc_corridors, beast_lair_carwin_4, minmay_lair_oklob_chamber,
          lemuel_fruit_fields
Lair:2:   beast_lair_carwin_large_3, layout_regular_city,
          nicolae_spider_entry_non_spiders, gammafunk_ghost_abyssal_escape
Lair:3:   beast_lair_carwin_large_2, layout_hall_layers, bh_chokoban
Lair:4:   layout_regular_city, nicolae_swamp_entry_splash_gauntlet, dpeg_oklob_1
Lair:5:   layout_cave_shapes, minmay_slime_entry_oklob_open, beast_lair_carwin_9
Lair:6:   guppyfry_lair_end_dragon, layout_cave_shapes, wormcave,
          infiniplex_staircase_pool
Swamp:1:  layout_basic_swamp, infiniplex_staircase_pool_2,
          nicolae_swamp_baby_hydras
Swamp:2:  layout_falls_marsh, evilmike_swamp_ruin_house_3
Swamp:3:  layout_basic_swamp, evilmike_swamp_ruin_rubble_2, swamp_pool2
Swamp:4:  swamp_basic_johnstein, layout_basic_swamp, swamp_pool2,
          grunt_hermit_hut, uniq_kirke
Spider:1: layout_chambers
Spider:2: layout_spider_delve, drop_trap, nicolae_orb_stairs
Spider:3: layout_spider_delve
Spider:4: grunt_spider_rune_island
Slime:1:  layout_caves
Slime:2:  layout_caves, uniq_dissolution
Slime:3:  layout_caves
Slime:4:  layout_caves, nicolae_slime_phagocytosis
Slime:5
Orc:1:    layout_caves, uniq_snorg
Orc:2:    pf_orc_diabolical, layout_caves, nicolae_volcano_entry_vermiform,
          ebering_ghost_disaster_area, basic_altar, nicolae_orc_rockfall,
          nicolae_orc_rich_vein
Elf:1:    eino_elf_arrival_shootout, layout_gridlike, minivault_28, hex_medium,
          dk_noncrumbling_3, door_vault, uniq_agnes
Elf:2:    layout_loops_cross, uniq_aizul
Elf:3:    minmay_elf_hall_x, layout_loops_ring, nicolae_rare_books,
          elf_orc_summit_meeting, uniq_saint_roka
Vaults:1: v_misc_12, ontoclasm_vaults_ring_small, vaults_mumra_minichess,
          nicolae_vaults_back_hallway, hangedman_vaults_restitches, v_misc_12,
          nicolae_vaults_hallways_thing, nicolae_vaults_mini_display_case,
          ontoclasm_vaults_ligature, v_misc_1, layout_vaults_omnicross
Vaults:2: nicolae_vaults_specimen_jars, v_misc_30, vaults_room_ringed_pool,
          nicolae_vaults_little_squares_4, vaults_room_grid,
          vaults_room_fancy_cross, ontoclasm_vaults_chip,
          vaults_dpeg_encased_lava, v_rooms_4, layout_vaults_chaotic_city,
          serial_shops, shop, uniq_margery
Vaults:3: vaults_room_pool, blue_anna_dwarven_crypt, v_misc_12,
          ontoclasm_vaults_ring_small, vaults_dpeg_hooks,
          ontoclasm_vaults_water_temple, v_misc_14,
          nicolae_vaults_diagonal_hallway_9, hangedman_vaults_capsules,
          layout_vaults_quadrants
Vaults:4: gammafunk_vaults_ghost_split, hangedman_vaults_stitches,
          nicolae_vaults_know_your_exits, ontoclasm_vaults_fault,
          grunt_vaults_diagonal, grunt_vaults_focal, v_pattern_1,
          vaults_mumra_lcd, nicolae_vaults_yaktaur_gun_rack,
          hangedman_vaults_maws, layout_vaults_ring
Vaults:5: serial_shops
Depths:1: layout_roguey, hell_entry, minmay_stone_trees_small,
          serial_sigils_hangedman_snap, roderic_roman_lattice,
          kennysheep_generic_room_6
Depths:2: minmay_rotating_shell, layout_cave_pools, moated_statue,
          hangedman_coc_ice_floe, serial_shops, kennysheep_mini_moat,
          abyss_entry, infiniplex_staircase_pool_1
Depths:3: evilmike_inaccessible_box, layout_gridlike, enter_ziggurat_c,
          hell_entry, serial_bayou, serial_bayou_pond_e, serial_bayou_pond_d,
          serial_bayou_shore_a, serial_bayou_shore_b, nrook_mini_backslash,
          grunt_pan_entry_in_and_out, water_boxes_lemuel, uniq_jory,
          uniq_frederick
Depths:4: hangedman_cross_cluster, layout_cave_shapes, pf_hell_entry_tar_river,
          infiniplex_staircase_x, abyss_entry_flame_altar, corner_web_ring,
          hangedman_corner_corridor
Depths:5: grunt_zot_entry_alcove, layout_cave_pools,
          hangedman_abyss_entry_splay, minmay_misc_feat_nine_boxes, hell_entry
Hell
Dis:1:    layout_subdivisions, evilmike_ambush [evilmike_ambush_outer_doors,
          evilmike_ambush_inner_basic], grunt_megastairs_3
Dis:2:    layout_overlapping_boxes
Dis:3:    layout_jigsaw
Dis:4:    layout_subdivisions
Dis:5:    layout_subdivisions
Dis:6:    layout_gridville, hangedman_feature_mirror
Dis:7:    iron_city_of_dis [dis_mu, dis_wall_2], layout_chaotic_city
Geh:1:    layout_gehenna_lava_caves, not_door_vault_due
Geh:2:    layout_gehenna_lava_caves
Geh:3:    layout_gehenna_lava_caves
Geh:4:    layout_gehenna_pools_box
Geh:5:    layout_gehenna_lava_caves
Geh:6:    layout_gehenna_pools_basic
Geh:7:    geh_mu
Coc:1:    layout_cocytus_water_paths
Coc:2:    layout_ice_bergs
Coc:3:    layout_cocytus_water_paths
Coc:4:    layout_cocytus_water_paths
Coc:5:    layout_ice_bergs
Coc:6:    layout_cocytus_water_paths
Coc:7:    coc_grunt_cove [coc_grunt_cove_antaeus, coc_grunt_cove_fiend,
          coc_grunt_cove_fiend, coc_grunt_cove_fiend, coc_grunt_cove_fiend]
Tar:1:    layout_cathedral_of_symmetry
Tar:2:    layout_honeycomb
Tar:3:    layout_grid_maze, hangedman_snap_crack_crunch
Tar:4:    layout_cathedral_of_symmetry
Tar:5:    grunt_deathspiral_small, layout_cathedral_of_symmetry, evilmike_ambush
          [evilmike_ambush_outer_corners, evilmike_ambush_inner_pond]
Tar:6:    layout_grid_maze
Tar:7:    tar_mu [tar_mu_maze]

Skill      XL: |  1  2  3  4  5  6  7  8  9 10 11 12 13 14 15 16 17 18 19 20 21 22 23 24 25 26 27 |
---------------+----------------------------------------------------------------------------------+-----
Fighting       | 5 6 7 9 11 13 14 16 17 18 19 20 21 22 23 24 25 27 | 27.0
Maces & Flails | 4 5 6 8 10 12 13 14 15 16 17 18 19 20 22 27 | 27.0
Shields        | 2 4 6 9 10 11 12 13 14 15 16 27 | 27.0
Dodging        | 5 7 8 10 11 12 13 14 15 16 17 21 | 21.1
Armour         | 3 6 15 | 15.2
Spellcasting   | 2 6 8 10 15 | 15.0
Earth Magic    | 2 5 7 9 15 | 15.0
Transmutations | 2 5 7 9 15 | 15.0
Throwing       | 1 2 12 | 12.9
Charms         | 5 |  5.0
Hexes          | 5 |  5.0
Translocations | 9 |  9.9

Action                   |  1- 3 |  4- 6 |  7- 9 | 10-12 | 13-15 | 16-18 | 19-21 | 22-24 | 25-27 || total
-------------------------+-------+-------+-------+-------+-------+-------+-------+-------+-------++-------
Melee: Mace              |    69 |    14 |       |       |       |       |       |       |       ||    83
       Flail             |       |   166 |   420 |   258 |   269 |       |       |       |       ||  1113
       Morningstar       |       |       |       |   497 |       |       |       |       |       ||   497
       Eveningstar       |       |       |       |       |   873 |  1328 |  1116 |  1374 | 11804 || 16495
       Pseudopods        |       |       |       |       |       |       |       |   244 |  1593 ||  1837
       Bite              |       |       |       |       |       |       |       |    95 |   617 ||   712
       Kick              |       |       |       |       |       |       |       |       |  3731 ||  3731
       Unarmed           |       |       |       |       |       |       |       |       |    35 ||    35
Throw: Large rock        |       |       |       |       |     1 |     1 |    17 |     6 |    64 ||    89
 Cast: Statue Form       |       |       |       |       |       |       |       |       |   126 ||   126
       Passwall          |       |       |       |       |       |       |       |       |    24 ||    24
       Lee's Rapid Decon |       |       |       |       |       |       |       |       |    15 ||    15
       Portal Projectile |       |       |       |       |       |       |       |       |    12 ||    12
       Song of Slaying   |       |       |       |       |       |       |       |       |     8 ||     8
       Passage of Golubr |       |       |       |       |       |       |       |       |     1 ||     1
Invok: Berserk           |     3 |     8 |    13 |    24 |    34 |    25 |    11 |     1 |       ||   119
       Trog's Hand       |       |       |       |     3 |     4 |     8 |     6 |       |       ||    21
       Brothers in Arms  |       |       |       |     2 |     4 |     3 |     2 |       |       ||    11
       Request Jelly     |       |       |       |       |       |       |       |     8 |    37 ||    45
       Cure Bad Mutation |       |       |       |       |       |       |       |     2 |    19 ||    21
       Slimify           |       |       |       |       |       |       |       |     3 |   102 ||   105
Evoke: Wand              |       |       |     3 |       |     2 |       |       |       |     8 ||    13
       Phantom mirror    |       |       |       |       |       |       |       |       |     9 ||     9
  Use: Potion            |       |     2 |     1 |     7 |     2 |    13 |     2 |     2 |    68 ||    97
       Scroll            |       |     2 |     7 |    13 |    20 |    17 |     5 |     5 |    51 ||   120
 Stab: Sleeping          |       |       |       |     1 |     1 |       |       |       |       ||     2
       Distracted        |       |       |       |       |     2 |       |     1 |     1 |    14 ||    18
       Confused          |       |       |       |       |       |       |       |    54 |    75 ||   129
       Fleeing           |       |       |       |       |       |       |       |       |     1 ||     1
  Eat: Chunk             |     2 |    14 |    18 |    25 |    60 |    61 |    25 |       |     5 ||   210
       Ration            |       |     1 |     2 |     5 |     4 |     1 |     4 |     5 |    10 ||    32
Armor: Animal skin       |    19 |    62 |   150 |       |       |       |       |       |       ||   231
       Troll leather arm |       |       |    16 |   183 |    16 |       |       |       |       ||   215
       Skin              |       |       |       |    44 |       |       |       |       |  1076 ||  1120
       Robe              |       |       |       |       |   157 |       |       |       |       ||   157
       Fire dragon scale |       |       |       |       |   176 |   415 |   311 |   258 |  1573 ||  2733
Dodge: Dodged            |    57 |   100 |   158 |   251 |   429 |   499 |   763 |   874 | 10007 || 13138
Block: Kite shield       |       |    23 |   253 |   506 |   669 |  1100 |  1101 |   731 |       ||  4383
       Reflection        |       |       |       |       |       |    13 |    22 |       |    80 ||   115
       Tower shield      |       |       |       |       |       |       |       |   447 | 15965 || 16412
       Other             |       |       |       |       |       |       |       |       |     1 ||     1

Table legend:
 A = Non-vault XP
 B = Vault XP
 C = Vault XP percentage of total XP
 D = Non-vault monster count
 E = Vault monster count
 F = Vault count percentage of total count
                 A         B        C        D         E       F
            +---------+---------+-------+---------+---------+-------
      Total | 1986800 | 1196056 |  37.6 |    3415 |    1324 |  27.9
            +---------+---------+-------+---------+---------+-------
        D:1 |      71 |       0 |   0.0 |      27 |       0 |   0.0
        D:2 |     181 |       1 |   0.5 |      29 |       1 |   3.3
        D:3 |      90 |      37 |  29.1 |      24 |       1 |   4.0
        D:4 |     163 |       0 |   0.0 |       6 |       0 |   0.0
        D:5 |     558 |       0 |   0.0 |      16 |       0 |   0.0
        D:6 |     482 |      36 |   6.9 |       7 |       8 |  53.3
        D:7 |     600 |     346 |  36.6 |       9 |       9 |  50.0
        D:8 |    1078 |       0 |   0.0 |      20 |       0 |   0.0
        D:9 |    3110 |       0 |   0.0 |      41 |       0 |   0.0
       D:10 |    1971 |    3357 |  63.0 |      25 |      13 |  34.2
       D:11 |    2142 |    1302 |  37.8 |      13 |       7 |  35.0
       D:12 |    4257 |    1637 |  27.8 |      24 |       8 |  25.0
       D:13 |    5414 |       0 |   0.0 |      17 |       0 |   0.0
       D:14 |    6225 |    3930 |  38.7 |      25 |       7 |  21.9
       D:15 |    8819 |    3918 |  30.8 |      30 |       5 |  14.3
     Lair:1 |    3060 |    1851 |  37.7 |      10 |       7 |  41.2
     Lair:2 |    3605 |   10260 |  74.0 |      14 |      30 |  68.2
     Lair:3 |    4510 |    1636 |  26.6 |      23 |       6 |  20.7
     Lair:4 |   10781 |    2385 |  18.1 |      37 |       8 |  17.8
     Lair:5 |    5046 |    4066 |  44.6 |      21 |      11 |  34.4
     Lair:6 |    7185 |   10044 |  58.3 |      28 |      30 |  51.7
    Swamp:1 |    9548 |    4931 |  34.1 |      32 |       5 |  13.5
    Swamp:2 |   14037 |       0 |   0.0 |      38 |       0 |   0.0
    Swamp:3 |   16659 |     719 |   4.1 |      32 |       1 |   3.0
    Swamp:4 |    9607 |   25979 |  73.0 |      20 |      41 |  67.2
   Spider:1 |   17009 |       0 |   0.0 |      54 |       0 |   0.0
   Spider:2 |   19567 |    2944 |  13.1 |      43 |       5 |  10.4
   Spider:3 |   12836 |       0 |   0.0 |      35 |       0 |   0.0
   Spider:4 |    8742 |   24326 |  73.6 |      23 |      43 |  65.2
    Slime:1 |   13291 |       0 |   0.0 |      15 |       0 |   0.0
    Slime:2 |   21112 |   14399 |  40.5 |      46 |       1 |   2.1
    Slime:3 |    8702 |       0 |   0.0 |      24 |       0 |   0.0
    Slime:4 |   10692 |       0 |   0.0 |      17 |       0 |   0.0
    Slime:5 |       0 |    4840 | 100.0 |       0 |       2 | 100.0
      Orc:1 |    3346 |    1117 |  25.0 |      43 |       1 |   2.3
      Orc:2 |    4180 |   18628 |  81.7 |      22 |      66 |  75.0
      Elf:1 |   25056 |   18024 |  41.8 |      42 |      22 |  34.4
      Elf:2 |    7511 |   30060 |  80.0 |      12 |      34 |  73.9
      Elf:3 |   15977 |   77996 |  83.0 |      35 |      73 |  67.6
   Vaults:1 |   22667 |   24099 |  51.5 |      47 |      35 |  42.7
   Vaults:2 |   20339 |     122 |   0.6 |      32 |       1 |   3.0
   Vaults:3 |   37787 |   17644 |  31.8 |      60 |      32 |  34.8
   Vaults:4 |   54581 |   73593 |  57.4 |      99 |      73 |  42.4
   Vaults:5 |    6431 |   26236 |  80.3 |       9 |      22 |  71.0
   Depths:1 |   40175 |    1444 |   3.5 |      51 |       2 |   3.8
   Depths:2 |   41514 |   20831 |  33.4 |      52 |      16 |  23.5
   Depths:3 |   34971 |   39297 |  52.9 |      46 |      27 |  37.0
   Depths:4 |   24298 |   28759 |  54.2 |      17 |      26 |  60.5
   Depths:5 |   35187 |   20929 |  37.3 |      48 |      18 |  27.3
       Hell |   19984 |   27355 |  57.8 |      35 |      48 |  57.8
      Dis:1 |   12013 |    4736 |  28.3 |      27 |      10 |  27.0
      Dis:2 |   23143 |       0 |   0.0 |      46 |       0 |   0.0
      Dis:3 |   29673 |       0 |   0.0 |      62 |       0 |   0.0
      Dis:4 |    5667 |       0 |   0.0 |      17 |       0 |   0.0
      Dis:5 |   19380 |       0 |   0.0 |      32 |       0 |   0.0
      Dis:6 |   42793 |    1498 |   3.4 |      78 |       1 |   1.3
      Dis:7 |   45796 |  108743 |  70.4 |      51 |      64 |  55.7
      Geh:1 |   35895 |       0 |   0.0 |      78 |       0 |   0.0
      Geh:2 |   34273 |       0 |   0.0 |      84 |       0 |   0.0
      Geh:3 |   39006 |       0 |   0.0 |      86 |       0 |   0.0
      Geh:4 |   37757 |       0 |   0.0 |      68 |       0 |   0.0
      Geh:5 |   26677 |       0 |   0.0 |      60 |       0 |   0.0
      Geh:6 |   25941 |       0 |   0.0 |      61 |       0 |   0.0
      Geh:7 |  163139 |   60183 |  26.9 |     237 |      39 |  14.1
      Coc:1 |    2260 |       0 |   0.0 |      10 |       0 |   0.0
      Coc:2 |    2365 |       0 |   0.0 |       7 |       0 |   0.0
      Coc:3 |     357 |       0 |   0.0 |       1 |       0 |   0.0
      Coc:4 |     797 |       0 |   0.0 |       3 |       0 |   0.0
      Coc:5 |     183 |       0 |   0.0 |       1 |       0 |   0.0
      Coc:6 |     238 |       0 |   0.0 |       2 |       0 |   0.0
      Coc:7 |   42548 |   28464 |  40.1 |      54 |      27 |  33.3
      Tar:1 |   33592 |       0 |   0.0 |      59 |       0 |   0.0
      Tar:2 |   54436 |       0 |   0.0 |      64 |       0 |   0.0
      Tar:3 |   14552 |    9566 |  39.7 |      12 |      14 |  53.8
      Tar:4 |   18880 |       0 |   0.0 |      19 |       0 |   0.0
      Tar:5 |    1446 |    4528 |  75.8 |       1 |       7 |  87.5
      Tar:6 |   58900 |    3722 |   5.9 |      49 |       3 |   5.8
      Tar:7 |  138889 |   90426 |  39.4 |     137 |      54 |  28.3
    Abyss:1 |   10321 |       0 |   0.0 |       6 |       0 |   0.0
    Abyss:3 |   27842 |    7200 |  20.5 |      56 |      12 |  17.6
        Pan |  391254 |  309315 |  44.2 |     447 |     196 |  30.5
      Zig:1 |    3595 |       0 |   0.0 |       1 |       0 |   0.0
      Zig:2 |    1780 |       0 |   0.0 |       2 |       0 |   0.0
      Zig:3 |    2581 |       0 |   0.0 |       4 |       0 |   0.0
      Zig:4 |    6128 |       0 |   0.0 |       4 |       0 |   0.0
      Zig:5 |    5998 |       0 |   0.0 |       6 |       0 |   0.0
      Zig:6 |    1551 |    2332 |  60.1 |       8 |       4 |  33.3
    Ossuary |       0 |     475 | 100.0 |       0 |      34 | 100.0
     Bailey |       0 |     872 | 100.0 |       0 |      34 | 100.0
      IceCv |       0 |    6339 | 100.0 |       0 |      54 | 100.0
    Volcano |       0 |    6299 | 100.0 |       0 |      20 | 100.0
   Gauntlet |       0 |    2280 | 100.0 |       0 |       6 | 100.0
            +---------+---------+-------+---------+---------+-------
